 Dungeon Crawl Stone Soup version 0.26-a0-652-gafc20e3620 (webtiles) character file.

Game seed: 1692871886626935632

1109142 karrick the Talismancer (level 27, 221/237 HPs)
             Began as a Gnoll Brigand on Oct 3, 2020.
             Was the Champion of Zin.
             Quit the game on level 1 of the Abyss on Oct 8, 2020.
             The game lasted 12:27:28 (156295 turns).

karrick the Talismancer (Gnoll Brigand)           Turns: 156295, Time: 12:27:29

Health: 221/237    AC: 41    Str: 24    XL:     27
Magic:  45/45      EV: 25    Int: 29    God:    Zin [******]
Gold:   4075       SH:  5    Dex: 15    Spells: 4/72 levels left

rFire    + . .     SeeInvis .   b - +9 double sword (holy)
rCold    + + +     Faith    .   (no shield)
rNeg     . . .     Spirit   .   V - +0 shadow dragon scales
rPois    .         Reflect  +   w - +4 hat of Perpetual Drought {+Inv rElec Dex+7 Stlth-}
rElec    +         Harm     .   a - +4 dragonskin cloak
rCorr    .         Rampage  .   U - +3 pair of gauntlets of War {Slay+5}
MR       +++..                  c - +2 pair of boots "Pyfel" {rF+ rC++ Dex+2}
Stlth    ++++++++++             l - amulet "Plog" {Reflect rElec MR+ SH+5}
HPRegen  0.49/turn              Q - ring of flight
MPRegen  0.29/turn              A - ring of Shadows {Umbra +Inv Stlth+}

@: wreathed by umbra, studying 2 skills
A: distributed training, fangs 1, thin skeletal structure 1, low mp 1,
gelatinous body 2, subdued magic 1, strong nose
}: 9/15 runes: decaying, serpentine, silver, abyssal, demonic, glowing, magical,
fiery, dark
a: Recite, Vitalisation, Imprison, Sanctuary, Donate Gold, Renounce Religion,
Evoke Invisibility, Evoke Flight


You were on level 1 of the Abyss.
You worshipped Zin.
Zin was exalted by your worship.
You visited 17 branches of the dungeon, and saw 68 of its levels.
You visited Pandemonium 5 times, and saw 16 of its levels.
You visited the Abyss 15 times.
You also visited: Trove, Bailey, Gauntlet and Ice Cave.

You collected 12893 gold pieces.
You spent 8595 gold pieces at shops.
You donated 223 gold pieces to Zin.

Inventory:

Hand Weapons
 b - a +9 double sword of holy wrath (weapon)
 f - the +10 battleaxe of Forgiveness {drain, +Inv MR+++ Str+3 Int-5}
   (You found it in Pandemonium)

   A truly terrible weapon, it drains the life of those it strikes.
   It affects your strength (+3).
   It affects your intelligence (-5).
   It affects your resistance to hostile enchantments.
   It lets you turn invisible.
   Zin disapproves of the use of such an item.
 u - a +8 eudemon blade of holy wrath
 C - the +5 executioner's axe "Wituc" {antimagic, Str+3 Dex+7}
   (You found it in a bailey)

   It reduces the magical energy of the wielder, and disrupts the spells and
   magical abilities of those hit.
   Natural abilities and divine invocations are not affected.
   It affects your strength (+3).
   It affects your dexterity (+7).
 K - a +8 vorpal quick blade
 N - the +12 Vampire's Tooth {vamp}
   (You found it in a Gauntlet)

   It inflicts no extra harm, but heals its wielder when it wounds a living foe.
   Zin disapproves of the use of such an item.
Missiles
 E - 49 silver javelins (quivered)
Armour
 a - the +4 dragonskin cloak (worn)
   (You took it off Tiamat on level 4 of the Realm of Zot)
 c - the +2 pair of boots "Pyfel" (worn) {rF+ rC++ Dex+2}
   (You found it in a treasure trove)

   It affects your dexterity (+2).
   It protects you from fire.
   It greatly protects you from cold.
 h - +0 gold dragon scales
 w - the +4 hat of Perpetual Drought (worn) {+Inv rElec Dex+7 Stlth-}
   (Okawaru gifted it to you on level 3 of the Crypt)

   It affects your dexterity (+7).
   It insulates you from electricity.
   It lets you turn invisible.
   It makes you less stealthy.
 B - the +1 cloak of Starlight {rElec rC+ EV+4 Stlth--}
   (You found it in a Gauntlet)

   It affects your evasion (+4).
   It protects you from cold.
   It insulates you from electricity.
   It makes you much less stealthy.
 M - the +1 buckler "Merikiyff" {Str-3 Int+3 Dex+9}
   (You found it in a treasure trove)

   It affects your strength (-3).
   It affects your intelligence (+3).
   It affects your dexterity (+9).
 U - the +3 pair of gauntlets of War (worn) {Slay+5}
   (You found it on level 4 of the Realm of Zot)

   It affects your accuracy and damage with ranged weapons and melee attacks
   (+5).
 V - +0 shadow dragon scales (worn)
 Y - a +1 cloak of preservation
 Z - a +0 tower shield of resistance
Jewellery
 j - the ring "Hudalin" {rPois rC+ rN+}
   (You found it on level 4 of the Realm of Zot)

   [ring of positive energy]

   It protects you from cold.
   It protects you from poison.
   It protects you from negative energy.
 l - the amulet "Plog" (around neck) {Reflect rElec MR+ SH+5}
   (You found it in a Gauntlet)

   [amulet of reflection]

   It shields you and reflects attacks.
   It insulates you from electricity.
   It affects your resistance to hostile enchantments.
   It affects your SH (+5).
 y - the ring "Coh Laul" {rC+ Int+2}
   (You found it on level 4 of the Vaults)

   [ring of protection from cold]

   It affects your intelligence (+2).
   It protects you from cold.
 A - the ring of Shadows (right hand) {Umbra +Inv Stlth+}
   (You bought it in a shop on level 5 of the Dungeon)

   [ring of stealth]

   It lets you turn invisible.
   It makes you more stealthy.
 P - a +6 ring of dexterity
 Q - a ring of flight (left hand)
 X - a +6 ring of intelligence
Wands
 d - a wand of digging (11)
 x - a wand of paralysis (72)
 D - a wand of polymorph (37)
Scrolls
 k - 8 scrolls of blinking
 m - 17 scrolls of amnesia
 n - 8 scrolls of teleportation
 r - 14 scrolls of identify
 s - 7 scrolls of magic mapping
 G - 46 scrolls of remove curse
 L - 11 scrolls of enchant armour
 T - 6 scrolls of holy word
Potions
 g - 6 potions of cancellation
 i - 6 potions of heal wounds
 q - 16 potions of brilliance
 t - 4 potions of ambrosia
 v - 5 potions of haste
 z - 27 potions of curing
 F - 3 potions of mutation
 H - 10 potions of might
 R - 7 potions of lignification
Books
 o - a manual of Slings
 I - a manual of Evocations
 O - a manual of Unarmed Combat
Miscellaneous
 e - a tin of tremorstones (3/3)
 p - a phantom mirror
 J - a box of beasts (3/3)
 S - a condenser vane (2/2)
 W - the horn of Geryon


   Skills:
 + Level 23.7 Fighting
 + Level 23.7 Short Blades
 + Level 23.4 Long Blades
 + Level 23.4 Axes
 + Level 26.9 Maces & Flails
 + Level 23.4 Polearms
 + Level 23.4 Staves
 + Level 26.4 Slings
 + Level 23.4 Bows
 + Level 23.4 Crossbows
 + Level 23.7 Throwing
 + Level 23.4 Armour
 + Level 23.5 Dodging
 + Level 24.1 Stealth
 + Level 23.4 Shields
 + Level 25.8 Unarmed Combat
 + Level 23.4 Spellcasting
 + Level 20.4 Conjurations
 + Level 20.4 Hexes
 + Level 20.4 Summonings
 + Level 20.4 Necromancy
 + Level 20.4 Translocations
 + Level 20.4 Transmutations
 + Level 20.4 Fire Magic
 + Level 20.4 Ice Magic
 + Level 20.4 Air Magic
 + Level 20.4 Earth Magic
 + Level 20.4 Poison Magic
 + Level 25.1 Invocations
 O Level 27 Evocations


You had 4 spell levels left.
You knew the following spells:

 Your Spells              Type           Power        Failure   Level
a - Wereblood             Tmut           #######.     0%          2
b - Ozocubu's Armour      Ice            #######.     0%          3
c - Olgreb's Toxic Radia  Pois           #######.     0%          4
d - Ignite Poison         Fire/Tmut/Pois #######.     0%          3
e - Confusing Touch       Hex            #######.     0%          3
f - Silence               Hex/Air        #######...   0%          5
g - Swiftness             Air            #######.     0%          2
h - Summon Mana Viper     Hex/Summ       #######.     0%          5
i - Statue Form           Tmut/Erth      #######..    1%          6
j - Cause Fear            Hex            #######...   0%          4
k - Metabolic Englaciati  Hex/Ice        #######...   0%          5
l - Summon Forest         Summ/Tloc      #######...   0%          5
m - Summon Demon          Summ           #######...   0%          5
n - Necromutation         Tmut/Necr      #######...   3%          8
o - Discord               Hex            #######...   3%          8

Your spell library contained the following spells:

 Spells                   Type           Power        Failure   Level
 Animate Skeleton         Necr           ######       0%          1
 Apportation              Tloc           ######       0%          1
 Beastly Appendage        Tmut           ######       0%          1
 Corona                   Hex            #######      0%          1
 Foxfire                  Conj/Fire      ####         0%          1
 Freeze                   Ice            ####         0%          1
 Magic Dart               Conj           ####         0%          1
 Pain                     Necr           ####         0%          1
 Sandblast                Erth           ######       0%          1
 Shock                    Conj/Air       ####         0%          1
 Sting                    Tmut/Pois      ####         0%          1
 Summon Small Mammal      Summ           ####         0%          1
 Blink                    Tloc           N/A          0%          2
 Call Imp                 Summ           #######.     0%          2
 Corpse Rot               Necr/Air       N/A          0%          2
 Ensorcelled Hibernation  Hex/Ice        ######       0%          2
 Passwall                 Tmut/Erth      #######.     0%          2
 Poisonous Vapours        Pois/Air       ######       0%          2
 Searing Ray              Conj           ######       0%          2
 Slow                     Hex            #######.     0%          2
 Sublimation of Blood     Necr           #######...   0%          2
 Call Canine Familiar     Summ           #######.     0%          3
 Conjure Flame            Conj/Fire      #######.     0%          3
 Dazzling Flash           Conj/Hex       ######       0%          3
 Frozen Ramparts          Ice            ######       0%          3
 Gell's Gravitas          Tloc           #######...   0%          3
 Inner Flame              Hex/Fire       #######.     0%          3
 Lesser Beckoning         Tloc           #######...   0%          3
 Mephitic Cloud           Conj/Pois/Air  #######.     0%          3
 Portal Projectile        Hex/Tloc       ######       0%          3
 Spider Form              Tmut/Pois      #######...   0%          3
 Static Discharge         Conj/Air       #######.     0%          3
 Stone Arrow              Conj/Erth      ######       0%          3
 Summon Guardian Golem    Hex/Summ       #######.     0%          3
 Teleport Other           Tloc           #######.     0%          3
 Tukima's Dance           Hex            #######.     0%          3
 Vampiric Draining        Necr           #######...   0%          3
 Airstrike                Air            #######...   0%          4
 Animate Dead             Necr           #######...   0%          4
 Dispel Undead            Necr           #######.     0%          4
 Fulminant Prism          Conj/Hex       #######...   0%          4
 Hailstorm                Conj/Ice       #######.     0%          4
 Ice Form                 Ice/Tmut       #######.     0%          4
 Iskenderun's Mystic Bla  Conj/Tloc      #######.     0%          4
 Leda's Liquefaction      Hex/Erth       #######...   0%          4
 Passage of Golubria      Tloc           N/A          0%          4
 Petrify                  Tmut/Erth      #######.     0%          4
 Sticky Flame             Conj/Fire      #######.     0%          4
 Summon Ice Beast         Ice/Summ       #######.     0%          4
 Summon Lightning Spire   Summ/Air       #######.     0%          4
 Agony                    Necr           #######.     0%          5
 Alistair's Intoxication  Tmut/Pois      #######..    0%          5
 Blade Hands              Tmut           #######...   0%          5
 Bolt of Magma            Conj/Fire/Erth #######...   0%          5
 Borgnjor's Vile Clutch   Necr/Erth      #######...   0%          5
 Excruciating Wounds      Necr           #######...   0%          5
 Fireball                 Conj/Fire      #######...   0%          5
 Irradiate                Conj/Tmut      #######...   0%          5
 Iskenderun's Battlesphe  Conj           #######.     0%          5
 Lee's Rapid Deconstruct  Erth           #######...   0%          5
 Lightning Bolt           Conj/Air       #######...   0%          5
 Yara's Violent Unravell  Hex/Tmut       #######...   0%          5
 Death Channel            Necr           #######...   1%          6
 Dispersal                Tloc           #######...   1%          6
 Eringya's Noxious Bog    Tmut/Pois      #######...   1%          6
 Hydra Form               Tmut           #######...   1%          6
 Invisibility             Hex            #######.     1%          6
 Iron Shot                Conj/Erth      #######...   1%          6
 Shadow Creatures         Summ           N/A          1%          6
 Starburst                Conj/Fire      #######...   1%          6
 Dragon Form              Tmut           #######...   1%          7
 Haunt                    Necr/Summ      #######...   1%          7
 Malign Gateway           Summ/Tloc      #######...   1%          7
 Monstrous Menagerie      Summ           #######...   1%          7
 Orb of Destruction       Conj           #######...   1%          7
 Spellforged Servitor     Conj/Summ      #######...   1%          7
 Summon Greater Demon     Summ           #######...   1%          7
 Summon Hydra             Summ           #######...   1%          7
 Borgnjor's Revivificati  Necr           #######...   3%          8
 Chain Lightning          Conj/Air       #######...   3%          8
 Disjunction              Tloc           #######...   3%          8
 Ignition                 Fire           #######...   3%          8
 Infestation              Necr           #######...   3%          8
 Lehudib's Crystal Spear  Conj/Erth      #######...   3%          8
 Summon Horrible Things   Summ           #######...   3%          8
 Absolute Zero            Ice            #######...   47%         9
 Death's Door             Necr           #######...   47%         9
 Dragon's Call            Summ           #######...   47%         9
 Fire Storm               Conj/Fire      #######...   47%         9
 Shatter                  Erth           #######...   47%         9


Dungeon Overview and Level Annotations

Branches:
Dungeon (15/15)            Temple (1/1) D:5            Lair (6/6) D:9
  Swamp (4/4) Lair:2        Snake (4/4) Lair:3        Slime (5/5) Lair:5
    Orc (2/2) D:12            Elf (3/3) Orc:2        Vaults (5/5) D:14
  Crypt (3/3) Vaults:2       Tomb (2/3) Crypt:3      Depths (5/5) D:15
   Hell (visited)             Dis (5/7) Hell            Geh (0/7) Hell
    Coc (1/7) Hell            Tar (1/7) Hell            Zot (5/5) Depths:5
 Bailey (visited)           IceCv (visited)         Gauntlet (visited)

Altars:
Ashenzari
Cheibriados
Dithmenos
Elyvilon
Fedhas
Gozag
Hepliaklqana
Kikubaaqudgha
Makhleb
Nemelex Xobeh
Okawaru
Qazlal
Ru
Sif Muna
Trog
Uskayaw
Vehumet
Wu Jian
Xom
Yredelemnul
Zin
The Shining One
Beogh
Jiyva

Shops:
D:5 =(!   D:13 (?   Orc:1 [   Orc:2 [((?::   Elf:1 [   Elf:2 *   Snake:3 }
Snake:4 (   Vaults:3 }   Depths:2 [   Depths:5 [***

Portals:
Hell: Depths:1 Depths:2 Depths:3 Depths:4 Depths:5
Abyss: Depths:1 Depths:4
Pandemonium: Depths:3 Depths:5
Ziggurat: Depths:4

Annotations:
Slime:5 Royal Jelly


Innate Abilities, Weirdness & Mutations

Your experience applies equally to all skills.
You have very sharp teeth.
Your uncanny sense of smell can sniff out nearby items.
You have a somewhat thin skeletal structure. (Dex +2, Stealth)
Your magical capacity is low. (-10% MP)
Your pliable body absorbs attacks. (AC +2, EV +2)
Your spells are a little easier to cast, but a little less powerful.


Message History

You slice the tentacled starspawn!!
You destroy the tentacled starspawn!
The starspawn's tentacles wither and die.
Unknown command.
No target in view!
Unknown command.
No target in view!
An ancient zyme comes into view.
Welcome back, karrick the Gnoll Brigand.
Zin says: Spread the light, my child.
Press ? for a list of commands and other information.
A large abomination comes into view.
You closely miss the large abomination. You bite the large abomination.
The large abomination is lightly damaged.
You slice the large abomination!!
The large abomination convulses!!
You destroy the large abomination!
Zin accepts your kill.
No target in view!
A small abomination comes into view.
Are you sure you want to abandon this character and quit the game? (Confirm with "yes".)

# . ## .
.##.... .
#.#... . .
.... ##
#...#x.#.
..#..## . ##
...# . . .
#..###..####
# #.
#...@.#.. #.
. .#
#..###.#
#.#. ...# ##
# #. ##. ##
# # .. # . #
. # .# . #.
# .


You could see a small abomination (wandering).

Vanquished Creatures
  Cerebov (Pan)
  Gloorx Vloq (Pan)
  Mnoleg (Pan)
  Tiamat (Zot:4)
  9 ancient liches
  3 orbs of fire (Zot:4)
  Mara (Depths:4)
  A juggernaut (Depths:4)
  9 pandemonium lords (Pan)
  21 greater mummies
  Boris (twice) (Depths:5 Tomb:1)
  Frederick (Vaults:4)
  11 Killer Klowns
  Xtahua (Vaults:3)
  A curse toe (Zot:5)
  5 golden dragons
  Geryon (Hell)
  The ghost of crisisinutopia the Impregnable, an adept MiFi of Okawaru (Vaults:4)
  Nikola (Swamp:2)
  A profane servitor (Abyss:1)
  5 electric golems
  10 bone dragons
  7 Brimstone Fiends (Pan)
  3 Tzitzimimeh (Pan)
  A doom hound (Hell)
  15 liches
  Jorgrun (Swamp:2)
  Rupert (Lair:6)
  3 Ice Fiends
  15 tentacled monstrosities
  9 Hell Sentinels
  25 Orb Guardians
  The ghost of Yloucecuu the Ninja, a veteran SpEn of Dithmenos (Vaults:4)
  18 titans
  16 acid blobs
  Murray (Hell)
  3 quicksilver dragons
  3 deep elf blademasters
  5 deep elf master archers
  11 death cobs
  Frances (D:14)
  37 Executioners
  3 ancient champions
  33 tentacled starspawn
  12 sphinxes
  4 thorn hunters
  11 storm dragons
  Donald (Vaults:3)
  11 shadow dragons
  Kirke (D:12)
  An eldritch tentacle (Pan)
  11 draconian monks
  7 azure jellies
  7 tengu reavers
  12 nagarajas
  A revenant (Tomb:1)
  A daeva (Abyss:3)
  19 fire giants
  19 frost giants
  Louise (D:14)
  6 corrupters (Pan)
  Aizul (Elf:3)
  42 balrugs
  5 ghost moths
  8 draconian knights
  11 draconian scorchers
  8 warmongers (Pan)
  10 vault wardens
  8 deep elf sorcerers
  3 orc warlords
  15 cacodemons
  4 curse skulls
  7 deep elf elementalists
  4 draconian shifters
  4 iron dragons
  2 ghouls (Crypt:2)
  39 reapers
  32 very ugly things
  2 spriggan defenders
  10 ironheart preservers
  14 draconian stormcallers
  5 war gargoyles
  11 draconian annihilators
  2 vampire knights
  2 entropy weavers
  A blood saint (Pan)
  25 stone giants
  7 black draconians
  10 bennus
  8 green draconians
  12 lorocyprocas
  7 deep elf demonologists
  14 spark wasps
  12 purple draconians
  16 red draconians
  8 black suns (Pan)
  8 deep elf annihilators
  A minotaur (Gauntlet)
  20 white draconians
  20 yellow draconians
  10 green deaths
  7 deep elf death magi
  16 blizzard demons
  11 ettins
  A merfolk javelineer (Abyss:4)
  3 quicksilver dragon zombies
  The ghost of dudeneo the Blocker, a journeyman GnFi of Nemelex Xobeh (Elf:1)
  4 eidola
  12 fire dragons
  6 death oozes
  5 jiangshi
  A crystal guardian (Vaults:2)
  16 mummy priests
  Erolcha (D:12)
  Josephine (D:15)
  11 yaktaur captains
  5 deep elf high priests
  12 great orbs of eyes
  14 vault guards
  3 hell beasts (Pan)
  12 hydras
  7 monstrous demonspawn (Pan)
  16 rakshasas
  5 spriggan air magi
  14 ice dragons
  21 naga warriors
  16 centaur warriors
  2 ghost crabs (Swamp:4)
  A quicksilver dragon skeleton (Pan)
  A shambling mangrove (Swamp:3)
  2 catoblepae
  Erica (Lair:1)
  7 anacondas
  A satyr (Abyss:4)
  2 two-headed ogres (shapeshifter)
  19 alligators
  12 death yaks
  33 two-headed ogres
  33 dancing weapons
  3 death knights
  10 tengu warriors
  11 ogre magi
  5 deep troll shamans
  4 vampire magi
  26 death scarabs
  7 deep troll earth magi
  2 spriggan berserkers
  30 thrashing horrors
  10 hell hogs
  An orc high priest (Abyss:4)
  2 storm dragon zombies
  7 shock serpents
  14 naga sharpshooters
  36 soul eaters
  7 spriggans
  Sonja (Orc:2)
  19 wretched stars
  146 sun demons
  23 hell knights
  An iron golem (Hell)
  A salamander mystic (Snake:3)
  25 deep elf knights
  78 skeletal warriors
  16 shadow wraiths
  6 storm dragon skeletons
  27 sixfirhies
  6 spatial maelstroms
  3 sea snakes (Snake:1)
  A deep troll (shapeshifter) (Elf:1)
  5 iron trolls
  4 anaconda zombies
  An iron giant zombie (Crypt:2)
  10 swamp dragons
  2 spriggan druids (Swamp:4)
  A sea snake (shapeshifter) (Elf:1)
  12 deep trolls
  A swamp dragon (shapeshifter) (Depths:5)
  142 large abominations
  6 naga ritualists
  4 unseen horrors
  9 gelid demonspawn (Pan)
  8 torturous demonspawn (Pan)
  A shadow dragon zombie (Crypt:3)
  4 flayed ghosts
  A ghost moth zombie (Hell)
  A golden dragon zombie (Hell)
  3 spectral hydras (Swamp:4)
  7 infernal demonspawn (Pan)
  11 wizards
  3 anaconda skeletons
  11 glowing orange brains
  26 deep elf archers
  12 shadow demons
  13 phantasmal warriors
  3 golden dragon skeletons
  12 mana vipers
  18 ironbrand convokers
  6 necromancers
  6 wolf spiders
  An iron dragon zombie (Hell)
  49 ugly things
  2 wolf spider zombies
  26 harpies
  26 orc knights
  78 deep elf magi
  3 shadow dragon skeletons
  11 cyclopes
  2 oklob plants
  3 manticores
  27 moths of wrath
  4 orc sorcerers
  8 shining eyes
  5 fire giant zombies
  7 worldbinders
  5 frost giant zombies
  5 stone giant skeletons
  8 apocalypse crabs
  7 salamanders
  6 guardian serpents
  3 frost giant skeletons
  2 sphinx skeletons (Depths:3)
  An elephant (shapeshifter) (Vaults:4)
  4 iron dragon skeletons
  5 fire giant skeletons
  2 guardian serpents (shapeshifter) (Depths:4)
  16 rust devils
  6 eyes of devastation
  8 vault sentinels
  An ice statue (Hell)
  A dire elephant zombie (Hell)
  31 black mambas
  66 smoke demons
  7 gargoyles
  2 black mambas (shapeshifter)
  23 naga magi
  29 cane toads
  3 molten gargoyles
  52 orange demons
  A storm dragon simulacrum (Abyss:4)
  2 dire elephant skeletons (Pan)
  15 hellions
  A minotaur zombie (Crypt:3)
  2 yaktaurs (shapeshifter)
  5 spectral swamp worms (Depths:1)
  14 komodo dragons
  3 emperor scorpion zombies
  A kobold demonologist (Abyss:4)
  2 rime drakes
  2 rime drakes (shapeshifter)
  12 ice devils
  32 efreet
  4 swamp worm zombies (Swamp:4)
  12 ancient zymes
  A komodo dragon (shapeshifter) (Elf:1)
  22 tormentors
  11 freezing wraiths
  51 yaktaurs
  24 hellwings
  A silent spectre (Abyss:2)
  22 demonic crawlers
  21 guardian mummies
  66 red devils
  A tengu conjurer (Depths:1)
  5 hydra zombies
  A queen bee (shapeshifter) (Vaults:3)
  10 trolls
  A wind drake (shapeshifter) (Vaults:4)
  A jumping spider (shapeshifter) (Elf:1)
  9 tyrant leeches
  34 blink frogs
  A wolf spider simulacrum (Abyss:1)
  13 wind drakes (Pan)
  10 hornets
  6 dream sheep (Lair:2)
  139 slime creatures
  4 hydra skeletons
  21 polar bears (IceCv)
  A death drake skeleton (Crypt:1)
  11 bog bodies
  4 fire dragon zombies
  A jumping spider zombie (Crypt:2)
  7 alligator zombies
  3 harpy skeletons
  52 raiju
  4 spectral swamp dragons (Swamp:4)
  A frost giant simulacrum (Crypt:1)
  An air elemental (Elf:1)
  2 ettin zombies
  2 ice dragon zombies
  2 meliai zombies
  9 hippogriffs
  18 shadows
  25 flying skulls
  Sigmund (D:3)
  A centaur simulacrum (D:14)
  63 starcursed masses
  5 water elementals
  7 redbacks
  A redback (shapeshifter) (Elf:3)
  3 vampires
  A black mamba zombie (Dis:3)
  2 ice dragon skeletons
  73 yaks
  An alligator skeleton (Crypt:3)
  22 wraiths
  5 ettin skeletons
  75 ynoxinuls
  3 wyverns
  20 ushabtiu
  A tarantella (Vaults:4)
  13 fire elementals
  A fire dragon skeleton (Abyss:3)
  A wind drake zombie (Crypt:1)
  A human (shapeshifter) (Abyss:1)
  8 basilisks
  5 hogs (D:12)
  2 yaks (shapeshifter)
  18 golden eyes
  A basilisk (shapeshifter) (Elf:1)
  22 vampire mosquitoes
  34 neqoxecs
  48 chaos spawn
  5 spatial vortices
  19 swamp worms
  16 insubstantial wisps
  A water moccasin (shapeshifter) (Elf:1)
  A swamp worm (shapeshifter) (Vaults:4)
  8 wargs
  2 merfolk zombies
  47 nagas
  4 acid dragons
  22 water moccasins
  13 hell hounds
  2 hydra simulacra (Hell)
  5 cane toad zombies
  A monstrous demonspawn skeleton (Crypt:1)
  A floating eye (Depths:1)
  73 orc warriors
  4 porcupines
  6 swamp drakes
  An alligator simulacrum (Coc:1)
  2 cane toad skeletons
  A snapping turtle zombie (Crypt:1)
  5 sky beasts
  14 phantoms
  16 eyes of draining
  A black bear (D:7)
  A black bear (shapeshifter) (Vaults:3)
  2 manticore zombies
  An eye of draining (shapeshifter) (Vaults:3)
  14 ice beasts
  5 necrophages
  A fire dragon simulacrum (Abyss:3)
  9 boggarts
  6 swamp dragon zombies
  28 ogres
  A swamp dragon skeleton (Crypt:1)
  34 wolves
  13 crocodiles
  21 centaurs
  2 manticore skeletons
  4 big kobolds
  A yaktaur skeleton (Crypt:1)
  23 bullfrogs
  7 earth elementals
  68 small abominations
  A water moccasin zombie (D:9)
  A scorpion (shapeshifter) (Elf:1)
  6 scorpions
  A wyvern skeleton (D:14)
  A troll zombie (Dis:3)
  A human simulacrum (Vaults:1)
  40 wights
  A raiju skeleton (Crypt:1)
  4 howler monkeys
  A troll skeleton (Crypt:3)
  7 electric eels
  2 lava snakes (Elf:2)
  4 crimson imps (Abyss:1)
  6 centaur zombies
  A human zombie (Dis:4)
  A bullfrog zombie (D:7)
  10 quasits
  24 jellies
  25 orc priests
  12 centaur skeletons
  13 hounds
  26 orc wizards
  3 bullfrog skeletons
  22 iron imps
  A human skeleton (Pan)
  2 black bear skeletons
  6 iguanas
  17 hell rats
  19 worker ants
  A killer bee zombie (D:8)
  A tengu zombie (Crypt:1)
  8 ogre zombies (D:12)
  A hound zombie (D:6)
  A tengu skeleton (Crypt:2)
  3 hound skeletons
  37 mummies
  A worker ant zombie (D:5)
  15 gnolls
  A swamp drake zombie (Swamp:4)
  22 adders
  9 shadow imps
  14 white imps
  15 ufetubi
  5 oozes
  4 worms
  A dart slug (D:3)
  5 leopard geckos
  132 orcs
  A bat skeleton (Crypt:1)
  9 giant cockroaches
  11 goblins
  10 hobgoblins
  12 jackals
  14 kobolds
  7 quokkas
  7 ball pythons
  6 bats
  5 frilled lizards
  3 goblin skeletons
  4 goblin zombies (D:12)
  5 hobgoblin zombies
  A jackal skeleton (D:8)
  3 kobold skeletons
  2 kobold zombies (D:9)
  6 orc skeletons
  17 orc zombies
  6 rats
  A rat zombie (Crypt:2)
  A briar patch (Abyss:4)
  A fire vortex (Pan)
  3 lurking horrors
  32 starspawn tentacles
  3 tentacles (Abyss:1)
4983 creatures vanquished.

Vanquished Creatures (collateral kills)
  Lom Lobon (Pan)
  Mennas (Vaults:5)
  Sojobo (Vaults:5)
  Bai Suzhen (Vaults:5)
  A caustic shrike (Depths:1)
  A titan (Abyss:3)
  A tentacled starspawn (Abyss:4)
  5 acid blobs
  2 azure jellies (Slime:1)
  3 tengu reavers (Vaults:5)
  A vault warden (Vaults:5)
  A deep elf sorcerer (Vaults:5)
  A cacodemon (Depths:5)
  A warmonger (Pan)
  A frost giant (Vaults:5)
  A balrug (Abyss:4)
  A stone giant (Vaults:5)
  A reaper (Pan)
  An entropy weaver (Vaults:5)
  A yaktaur captain (Vaults:5)
  An ice dragon (Depths:1)
  A deep elf high priest (Vaults:5)
  A rakshasa (Pan)
  18 vault guards (Vaults:5)
  A hell hog (Abyss:4)
  A satyr (Abyss:4)
  A soul eater (Abyss:4)
  A deep elf knight (Vaults:5)
  A deep elf archer (Vaults:5)
  A shadow demon (Pan)
  A phantasmal warrior (Abyss:4)
  2 deep elf magi (Vaults:5)
  7 slime creatures
  2 shining eyes (Slime:1)
  A vault sentinel (Vaults:5)
  2 orange demons (Pan)
  A freezing wraith (Vaults:5)
  A yaktaur (Vaults:5)
  A cane toad (Lair:6)
  A red devil (Pan)
  A blink frog (Lair:3)
  2 hippogriffs (Lair:6)
  4 large abominations
  2 ynoxinuls (Pan)
  2 tarantellas (Vaults:5)
  A yak (Lair:2)
  2 golden eyes (Slime:1)
  A small abomination (Abyss:1)
  2 chaos spawn (Pan)
  3 neqoxecs
  A water moccasin (Lair:6)
  2 bullfrogs (Lair:6)
  A white imp (Abyss:4)
  2 starspawn tentacles (Abyss:4)
99 creatures vanquished.

Vanquished Creatures (others)
  An ancient lich (Abyss:1)
  A lich (Pan)
  A sphinx (Tomb:1)
  An Executioner (Pan)
  A tengu reaver (Vaults:5)
  2 frost giants
  A fire giant (Abyss:3)
  5 great orbs of eyes
  A cacodemon (Pan)
  A stone giant (Vaults:5)
  A black draconian (Zot:5)
  2 deep elf annihilators (Pan)
  A red draconian (Zot:5)
  A mummy priest (Tomb:2)
  2 blizzard demons (Pan)
  2 vault guards (Vaults:5)
  A spriggan air mage (Pan)
  A hell hog (Abyss:4)
  A deep elf knight (Abyss:3)
  A shadow wraith (Vaults:2)
  A death drake (shapeshifter) (Vaults:5)
  9 glowing orange brains
  An unseen horror (Vaults:1)
  An infernal demonspawn (Pan)
  A harpy (shapeshifter) (Vaults:5)
  4 wizards (Pan)
  A deep elf mage (Vaults:5)
  A worldbinder (Abyss:3)
  2 large abominations
  A manticore (shapeshifter) (Vaults:5)
  An eye of devastation (Abyss:4)
  An apocalypse crab (Abyss:4)
  An orange demon (Pan)
  3 smoke demons
  A cane toad (Lair:6)
  A yaktaur (Vaults:5)
  2 komodo dragons (Lair:5)
  A hellwing (Pan)
  4 wind drakes
  A slime creature (Abyss:1)
  A blink frog (Lair:6)
  A water elemental (Elf:1)
  5 yaks
  A wyvern (Lair:5)
  A golden eye (shapeshifter) (Vaults:5)
  2 golden eyes (Abyss:4)
  2 chaos spawn
  A steam dragon (shapeshifter) (Vaults:5)
  3 neqoxecs (Pan)
  5 small abominations
  An insubstantial wisp (Abyss:3)
  11 eyes of draining
  A starcursed mass (Abyss:3)
  An ogre (Vaults:3)
  A wolf (IceCv)
  An ogre (shapeshifter) (Vaults:5)
  280 jellies
  A quasit (Abyss:1)
  An orc priest (Vaults:5)
  An ufetubus (Abyss:1)
  2 ball lightnings (Pan)
  A ball python (Zot:5)
  2 briar patches (Swamp:3)
  5 demonic plants
  91 fungi
  4 lurking horrors
  266 plants
  53 starspawn tentacles
  8 tentacles (Abyss:1)
  8 withered plants
827 creatures vanquished.

Grand Total: 5909 creatures vanquished

Notes
Turn   | Place    | Note
-------+----------+-------------------------------------------
     0 | D:1      | karrick the Gnoll Brigand began the quest for the Orb.
     0 | D:1      | Reached XP level 1. HP: 20/20 MP: 1/1
   137 | D:1      | Reached XP level 2. HP: 18/26 MP: 2/2
   545 | D:1      | Reached XP level 3. HP: 24/31 MP: 3/3
   822 | D:1      | You fall into a shaft and drop 1 floor!
  1149 | D:2      | Reached skill level 1 in Invocations
  1249 | D:2      | Reached skill level 1 in Long Blades
  1249 | D:2      | Reached skill level 1 in Axes
  1249 | D:2      | Reached skill level 1 in Maces & Flails
  1249 | D:2      | Reached skill level 1 in Polearms
  1249 | D:2      | Reached skill level 1 in Staves
  1249 | D:2      | Reached skill level 1 in Slings
  1249 | D:2      | Reached skill level 1 in Bows
  1249 | D:2      | Reached skill level 1 in Crossbows
  1249 | D:2      | Reached skill level 1 in Armour
  1249 | D:2      | Reached skill level 1 in Shields
  1249 | D:2      | Reached skill level 1 in Unarmed Combat
  1249 | D:2      | Reached skill level 1 in Spellcasting
  1249 | D:2      | Reached skill level 1 in Evocations
  1393 | D:2      | Reached XP level 4. HP: 38/38 MP: 5/5
  1497 | D:2      | Found a faded altar of an unknown god.
  1958 | D:3      | Found a white marble altar of Elyvilon.
  1970 | D:3      | Reached skill level 1 in Conjurations
  1970 | D:3      | Reached skill level 1 in Hexes
  1970 | D:3      | Reached skill level 1 in Summonings
  1970 | D:3      | Reached skill level 1 in Necromancy
  1970 | D:3      | Reached skill level 1 in Translocations
  1970 | D:3      | Reached skill level 1 in Transmutations
  1970 | D:3      | Reached skill level 1 in Fire Magic
  1970 | D:3      | Reached skill level 1 in Ice Magic
  1970 | D:3      | Reached skill level 1 in Air Magic
  1970 | D:3      | Reached skill level 1 in Earth Magic
  1970 | D:3      | Reached skill level 1 in Poison Magic
  2283 | D:5      | Entered Level 5 of the Dungeon
  2543 | D:5      | Reached XP level 5. HP: 20/43 MP: 5/7
  3280 | D:4      | Reached XP level 6. HP: 38/50 MP: 8/8
  3968 | D:3      | Reached skill level 5 in Fighting
  3968 | D:3      | Reached skill level 5 in Short Blades
  3968 | D:3      | Reached skill level 5 in Throwing
  4150 | D:3      | Reached skill level 2 in Evocations
  4359 | D:3      | Noticed Sigmund
  4361 | D:3      | Killed Sigmund
  4361 | D:3      | Reached XP level 7. HP: 56/56 MP: 10/10
  5248 | D:4      | Found a sparkling altar of Nemelex Xobeh.
  5618 | D:5      | Reached XP level 8. HP: 59/63 MP: 12/12
  5663 | D:5      | Found Sixt's Weapon Emporium.
  5761 | D:5      | Found a staircase to the Ecumenical Temple.
  5773 | D:5      | Reached skill level 3 in Evocations
  5780 | Temple   | Entered the Ecumenical Temple
  5993 | Temple   | Became a worshipper of Warmaster Okawaru
  6105 | D:5      | Found Qahohuas's Distillery.
  6478 | D:5      | Found Arolly's Jewellery Shop.
  7252 | D:4      | Reached * piety under Okawaru
  7829 | D:6      | Found a hide-covered altar of Uskayaw.
  7963 | D:6      | Reached XP level 9. HP: 66/69 MP: 14/14
  8721 | D:6      | Reached skill level 4 in Evocations
  8979 | D:7      | Found a glowing silver altar of Zin.
  9311 | D:7      | Reached skill level 5 in Dodging
  9388 | D:7      | Reached ** piety under Okawaru
  9503 | D:7      | Found a transporter.
  9515 | D:7      | Learned a level 2 spell: Wereblood
  9572 | D:7      | Found a transporter.
  9572 | D:7      | Found a transporter.
  9588 | D:7      | Found a transporter.
  9644 | D:7      | Found a transporter.
 10002 | D:8      | Reached skill level 5 in Invocations
 10448 | D:8      | Reached *** piety under Okawaru
 10448 | D:8      | Reached XP level 10. HP: 70/77 MP: 17/17
 10742 | D:8      | Reached skill level 5 in Long Blades
 10742 | D:8      | Reached skill level 5 in Axes
 10742 | D:8      | Reached skill level 5 in Maces & Flails
 10742 | D:8      | Reached skill level 5 in Polearms
 10742 | D:8      | Reached skill level 5 in Staves
 10742 | D:8      | Reached skill level 5 in Slings
 10742 | D:8      | Reached skill level 5 in Bows
 10742 | D:8      | Reached skill level 5 in Crossbows
 10742 | D:8      | Reached skill level 5 in Armour
 10742 | D:8      | Reached skill level 5 in Shields
 10742 | D:8      | Reached skill level 5 in Unarmed Combat
 10742 | D:8      | Reached skill level 5 in Spellcasting
 10742 | D:8      | Reached skill level 5 in Evocations
 10790 | D:8      | Noticed a two-headed ogre
 10837 | D:8      | Killed a two-headed ogre
 11297 | D:8      | Found a blossoming altar of Fedhas.
 11297 | D:8      | Found an ancient bone altar of Kikubaaqudgha.
 11326 | D:8      | Reached **** piety under Okawaru
 11540 | D:8      | Received a gift from Okawaru
 12036 | D:9      | Found a glowing golden altar of the Shining One.
 12262 | D:9      | Noticed a death yak
 12262 | D:9      | Noticed a death yak
 12262 | D:9      | Noticed a death yak
 12403 | D:9      | Found a staircase to the Lair.
 12403 | D:9      | Noticed a death yak
 12403 | D:9      | Noticed a death yak
 12456 | D:10     | Entered Level 10 of the Dungeon
 12482 | D:10     | Noticed a two-headed ogre
 12816 | D:10     | Reached XP level 11. HP: 17/84 MP: 19/19
 13170 | D:10     | Reached ***** piety under Okawaru
 13204 | D:10     | Received a gift from Okawaru
 13480 | D:10     | Reached skill level 6 in Evocations
 13629 | D:10     | Killed a two-headed ogre
 13629 | D:10     | Reached skill level 5 in Conjurations
 13629 | D:10     | Reached skill level 5 in Hexes
 13629 | D:10     | Reached skill level 5 in Summonings
 13629 | D:10     | Reached skill level 5 in Necromancy
 13629 | D:10     | Reached skill level 5 in Translocations
 13629 | D:10     | Reached skill level 5 in Transmutations
 13629 | D:10     | Reached skill level 5 in Fire Magic
 13629 | D:10     | Reached skill level 5 in Ice Magic
 13629 | D:10     | Reached skill level 5 in Air Magic
 13629 | D:10     | Reached skill level 5 in Earth Magic
 13629 | D:10     | Reached skill level 5 in Poison Magic
 14290 | D:10     | Received a gift from Okawaru
 14290 | D:10     | Reached skill level 10 in Stealth
 15422 | D:11     | Noticed a manticore
 16051 | D:5      | Bought the ring of Shadows {Umbra +Inv Stlth+} for 520 gold
                  | pieces
 16051 | D:5      | Found the ring of Shadows {Umbra +Inv Stlth+}
 16257 | D:11     | Killed a manticore
 16382 | D:11     | Received a gift from Okawaru
 16815 | D:11     | Got a pitted chain mail
 16828 | D:11     | Identified the +4 chain mail of Pessimism {rF+ rC- rCorr
                  | Int+4} (You found it on level 11 of the Dungeon)
 16860 | D:12     | Found a staircase to the Orcish Mines.
 16872 | D:12     | Noticed Kirke
 16875 | D:12     | Noticed a harpy
 16875 | D:12     | Noticed a harpy
 16875 | D:12     | Noticed a harpy
 17165 | D:12     | Noticed a cyclops
 17167 | D:12     | Noticed a deep elf mage
 17168 | D:12     | Noticed Erolcha
 17236 | D:12     | Found a flagged portal.
 17245 | Bailey   | Entered a bailey
 17986 | Bailey   | Reached XP level 12. HP: 69/94 MP: 22/22
 18161 | Bailey   | Got a crude bardiche
 18163 | Bailey   | Got a glimmering executioner's axe
 18480 | Bailey   | Identified the +5 executioner's axe "Wituc" {antimagic,
                  | Str+3 Dex+7} (You found it in a bailey)
 18481 | Bailey   | Identified the +5 bardiche of Premature Burial {flame,
                  | Int+6 SInv Stlth-} (You found it in a bailey)
 18602 | D:12     | Reached skill level 7 in Evocations
 18972 | D:13     | Noticed a centaur warrior
 19404 | D:13     | Identified a scroll of acquirement
 19517 | D:13     | Found Lusaec's Antique Weapon Emporium.
 19608 | D:13     | Found Varrew's Magic Scroll Boutique.
 19613 | D:13     | Noticed a six-headed hydra
 20055 | D:11     | Noticed a two-headed ogre
 20063 | D:11     | Received a gift from Okawaru
 20069 | D:11     | Killed a two-headed ogre
 20076 | D:11     | Received a gift from Okawaru
 20419 | D:9      | Noticed a death yak
 20426 | D:9      | Noticed a death yak
 20645 | Lair:1   | Entered Level 1 of the Lair of Beasts
 20667 | Lair:1   | Killed a death yak
 20790 | Lair:1   | Noticed Erica
 20810 | Lair:1   | Killed Erica
 21028 | Lair:1   | Learned a level 3 spell: Ozocubu's Armour
 21033 | Lair:1   | Learned a level 4 spell: Olgreb's Toxic Radiance
 21037 | Lair:1   | Learned a level 3 spell: Ignite Poison
 21376 | Lair:1   | You fall into a shaft and drop 1 floor!
 21386 | Lair:2   | Reached XP level 13. HP: 78/101 MP: 24/24
 21820 | Lair:1   | Reached skill level 8 in Evocations
 22003 | Lair:1   | Received a gift from Okawaru
 22010 | Lair:1   | Got an ancient falchion {god gift}
 22011 | Lair:1   | Identified the +1 falchion of the Maze {pain, rElec rC+
                  | Str-3} (Okawaru gifted it to you on level 1 of the Lair of
                  | Beasts)
 22972 | Lair:2   | Learned a level 3 spell: Confusing Touch
 23148 | Lair:2   | Found a staircase to the Swamp.
 24348 | Lair:3   | Received a gift from Okawaru
 25149 | Lair:3   | Found a staircase to the Snake Pit.
 26984 | Lair:5   | Reached XP level 14. HP: 109/109 MP: 26/26
 27012 | Lair:5   | Found a staircase to the Slime Pits.
 27149 | Lair:5   | Received a gift from Okawaru
 27200 | Lair:5   | Reached skill level 10 in Fighting
 27200 | Lair:5   | Reached skill level 10 in Short Blades
 27200 | Lair:5   | Reached skill level 10 in Throwing
 27397 | Lair:6   | Entered Level 6 of the Lair of Beasts
 27471 | Lair:6   | Noticed Rupert
 27531 | Lair:6   | Reached skill level 9 in Evocations
 28060 | Lair:6   | Received a gift from Okawaru
 28184 | Lair:6   | Reached skill level 10 in Invocations
 28418 | Lair:6   | Reached ****** piety under Okawaru
 28418 | Lair:6   | Received a gift from Okawaru
 28982 | Lair:6   | Received a gift from Okawaru
 29445 | Lair:6   | Received a gift from Okawaru
 30518 | Lair:5   | Received a gift from Okawaru
 31787 | D:8      | Reached skill level 10 in Dodging
 32128 | D:12     | Killed Erolcha
 32132 | D:12     | Reached XP level 15. HP: 50/117 MP: 9/28
 32765 | D:12     | Killed Kirke
 33171 | D:12     | Got a fine dagger
 33172 | D:12     | Identified the +6 dagger of Duty {vorpal, Dex+4} (You found
                  | it on level 12 of the Dungeon)
 33501 | D:13     | Bought a scroll of teleportation for 42 gold pieces
 33501 | D:13     | Bought a scroll of teleportation for 42 gold pieces
 33501 | D:13     | Bought a scroll of blinking for 105 gold pieces
 33501 | D:13     | Bought a scroll of blinking for 105 gold pieces
 33501 | D:13     | Bought 3 scrolls of identify for 84 gold pieces
 33966 | D:13     | Received a gift from Okawaru
 34306 | D:12     | Reached skill level 10 in Long Blades
 34306 | D:12     | Reached skill level 10 in Axes
 34306 | D:12     | Reached skill level 10 in Maces & Flails
 34306 | D:12     | Reached skill level 10 in Polearms
 34306 | D:12     | Reached skill level 10 in Staves
 34306 | D:12     | Reached skill level 10 in Slings
 34306 | D:12     | Reached skill level 10 in Bows
 34306 | D:12     | Reached skill level 10 in Crossbows
 34306 | D:12     | Reached skill level 10 in Armour
 34306 | D:12     | Reached skill level 10 in Shields
 34306 | D:12     | Reached skill level 10 in Unarmed Combat
 34306 | D:12     | Reached skill level 10 in Spellcasting
 34306 | D:12     | Reached skill level 10 in Evocations
 35239 | D:14     | Noticed Louise
 35525 | D:14     | Found a frozen archway.
 35542 | IceCv    | Entered an ice cave
 36952 | IceCv    | Noticed a frost giant
 37415 | IceCv    | Received a gift from Okawaru
 37444 | IceCv    | Killed a frost giant
 37822 | D:14     | Found a gate to the Vaults.
 38584 | D:14     | Reached XP level 16. HP: 87/125 MP: 30/30
 38633 | D:15     | Entered Level 15 of the Dungeon
 38682 | D:15     | Received a gift from Okawaru
 38739 | D:15     | Found a gate leading to a gauntlet.
 38748 | Gauntlet | Entered a Gauntlet
 38748 | Gauntlet | Found a transporter.
 38854 | Gauntlet | Found a transporter.
 38857 | Gauntlet | Found a transporter.
 38858 | Gauntlet | Found a transporter.
 38866 | Gauntlet | Found a transporter.
 38869 | Gauntlet | Found a transporter.
 38870 | Gauntlet | Found a transporter.
 38878 | Gauntlet | Found a transporter.
 38881 | Gauntlet | Found a transporter.
 38882 | Gauntlet | Found a transporter.
 38886 | Gauntlet | Found a runed translucent door.
 38890 | Gauntlet | Found a transporter.
 38892 | Gauntlet | Found a runed translucent door.
 38893 | Gauntlet | Found a transporter.
 38894 | Gauntlet | Found a transporter.
 38902 | Gauntlet | Found a transporter.
 39394 | Gauntlet | Identified the amulet "Plog" {Reflect rElec MR+ SH+5} (You
                  | found it in a Gauntlet)
 39642 | Gauntlet | Identified the cursed +1 hand crossbow "Ruqu" {elec, rElec
                  | MR+}
 39643 | Gauntlet | Found the +12 Vampire's Tooth {vamp}
 39643 | Gauntlet | Found the +1 cloak of Starlight {rElec rC+ EV+4 Stlth--}
 39659 | Gauntlet | Received a gift from Okawaru
 39670 | Gauntlet | Identified Vurram's Almanac of Noxious Earth
 39776 | D:14     | Noticed Frances
 40052 | D:13     | Bought a scroll of enchant armour for 105 gold pieces
 40052 | D:13     | Bought a scroll of enchant armour for 105 gold pieces
 40052 | D:13     | Bought a scroll of magic mapping for 49 gold pieces
 40052 | D:13     | Bought a scroll of magic mapping for 49 gold pieces
 40260 | D:14     | Killed Louise
 40475 | D:15     | Noticed Josephine
 40707 | D:15     | Killed Josephine
 40949 | D:15     | Received a gift from Okawaru
 40952 | D:15     | Identified the +0 hat of the Elephant {rPois SInv} (Okawaru
                  | gifted it to you on level 15 of the Dungeon)
 41035 | D:15     | Reached skill level 11 in Evocations
 41384 | D:15     | Found a staircase to the Depths.
 41912 | D:14     | Found a portal to a secret trove of treasure.
 41937 | D:14     | You paid a toll of 7 scrolls of blinking to enter a
                  | treasure trove
 41938 | Trove    | Entered a treasure trove
 41946 | Trove    | Got a pair of heavily runed boots
 41950 | Trove    | Got a spiked plate armour
 41954 | Trove    | Got a bronze scale mail
 41956 | Trove    | Got a dazzling buckler
 41959 | Trove    | Got a faintly glowing cloak
 41961 | Trove    | Got a warped leather armour
 42013 | Trove    | Identified the +2 pair of boots "Pyfel" {rF+ rC++ Dex+2}
                  | (You found it in a treasure trove)
 42027 | Trove    | Identified the +1 buckler "Merikiyff" {Str-3 Int+3 Dex+9}
                  | (You found it in a treasure trove)
 42032 | Trove    | Identified the +1 cloak "Jacom" {rF- rC++} (You found it in
                  | a treasure trove)
 42042 | Trove    | Identified the +3 leather armour of the New World {Harm
                  | Rampage Regen+ Slay-2} (You found it in a treasure trove)
 42053 | Trove    | Identified the +2 plate armour "Ereipea Poadgh" {-Cast Harm
                  | *Slow rCorr} (You found it in a treasure trove)
 42063 | Trove    | Identified the +4 scale mail of the Dragon {Rampage Int+3
                  | Dex-2} (You found it in a treasure trove)
 42183 | D:14     | Killed Frances
 42327 | Orc:1    | Entered Level 1 of the Orcish Mines
 42607 | Orc:2    | Entered Level 2 of the Orcish Mines
 42607 | Orc:2    | Found a staircase to the Elven Halls.
 42625 | Orc:2    | Found a roughly hewn altar of Beogh.
 42635 | Orc:2    | Found Ferch's Book Boutique.
 42856 | Orc:2    | Reached XP level 17. HP: 133/133 MP: 32/32
 42979 | Orc:2    | Found Waemm's Book Shoppe.
 42979 | Orc:2    | Found Imeew's Magic Scroll Shop.
 43043 | Orc:2    | Found a roughly hewn altar of Beogh.
 43085 | Orc:2    | Found Ateuliu's Weapon Shoppe.
 43085 | Orc:2    | Found Wailyohi's Antique Weapon Shop.
 43367 | Orc:2    | Noticed Sonja
 43383 | Orc:2    | Killed Sonja
 43561 | Orc:2    | Found Fuseghi's Armour Shop.
 43705 | Orc:2    | Received a gift from Okawaru
 43913 | Orc:1    | Found a runed translucent door.
 44024 | Orc:1    | Identified the +8 shortbow of Vodka {freeze, rPois rN+++
                  | MP-9}
 44029 | Orc:1    | Found a roughly hewn altar of Beogh.
 44200 | Orc:1    | Found Lelime Zezuch's Antique Armour Boutique.
 44373 | Orc:2    | Bought the +2 cloak of the Thief {*Fog Slay-2 SInv Stlth+}
                  | for 341 gold pieces
 44373 | Orc:2    | Found the +2 cloak of the Thief {*Fog Slay-2 SInv Stlth+}
 45011 | Lair:6   | Killed Rupert
 45095 | Snake:1  | Entered Level 1 of the Snake Pit
 45944 | Snake:1  | Found a snail-covered altar of Cheibriados.
 45990 | Snake:1  | Reached skill level 10 in Conjurations
 45990 | Snake:1  | Reached skill level 10 in Hexes
 45990 | Snake:1  | Reached skill level 10 in Summonings
 45990 | Snake:1  | Reached skill level 10 in Necromancy
 45990 | Snake:1  | Reached skill level 10 in Translocations
 45990 | Snake:1  | Reached skill level 10 in Transmutations
 45990 | Snake:1  | Reached skill level 10 in Fire Magic
 45990 | Snake:1  | Reached skill level 10 in Ice Magic
 45990 | Snake:1  | Reached skill level 10 in Air Magic
 45990 | Snake:1  | Reached skill level 10 in Earth Magic
 45990 | Snake:1  | Reached skill level 10 in Poison Magic
 46352 | Snake:2  | Received a gift from Okawaru
 46539 | Snake:2  | Received a gift from Okawaru
 46859 | Snake:2  | Received a gift from Okawaru
 46867 | Snake:2  | Identified the +15 plate armour "Uleynox" {rElec} (Okawaru
                  | gifted it to you on level 2 of the Snake Pit)
 47387 | Snake:3  | Reached XP level 18. HP: 142/142 MP: 33/33
 47488 | Snake:3  | Got an ichor-stained hand axe
 47489 | Snake:3  | Identified the +0 hand axe of the Crypt {elec, +Fly rPois
                  | rC+ MR-} (You found it on level 3 of the Snake Pit)
 47678 | Snake:3  | Found Iroess's Gadget Shop.
 47689 | Snake:3  | Bought a condenser vane (2/2) for 360 gold pieces
 47963 | Snake:3  | Reached skill level 12 in Evocations
 48570 | Snake:4  | Entered Level 4 of the Snake Pit
 48772 | Snake:4  | Found Pafodoun's Antique Weapon Boutique.
 48861 | Snake:4  | Received a gift from Okawaru
 49135 | Snake:4  | Received a gift from Okawaru
 49266 | Snake:4  | Received a gift from Okawaru
 49320 | Snake:4  | Received a gift from Okawaru
 49623 | Snake:4  | Got a serpentine rune of Zot
 50387 | Vaults:1 | Entered Level 1 of the Vaults
 50392 | Vaults:1 | Reached XP level 19. HP: 149/149 MP: 35/35
 50672 | Vaults:1 | Received a gift from Okawaru
 51289 | Vaults:1 | Received a gift from Okawaru
 51741 | Vaults:2 | Received a gift from Okawaru
 51761 | Vaults:2 | Identified the +1 robe of Vaedam {rPois rN+ Regen+}
                  | (Okawaru gifted it to you on level 2 of the Vaults)
 51769 | Vaults:2 | Got a faintly humming ring mail
 51781 | Vaults:2 | Identified the cursed +1 ring mail of Darkness {+Blink
                  | rN+++ MR- rCorr} (You found it on level 2 of the Vaults)
 52122 | Vaults:2 | Found a staircase to the Crypt.
 52398 | Vaults:2 | Got a faintly glowing rapier
 52399 | Vaults:2 | Identified the cursed +0 rapier "Vovog" {drain, rElec rF+
                  | Str+3 Int+4 SInv} (You found it on level 2 of the Vaults)
 52413 | Vaults:2 | Acquired a +7 quick blade
 52415 | Vaults:2 | Acquired the Compendium of Conjuration and Feathers
 52733 | Vaults:2 | Reached skill level 13 in Evocations
 53041 | Vaults:2 | Received a gift from Okawaru
 53350 | Vaults:2 | Reached XP level 20. HP: 158/158 MP: 37/37
 53696 | Vaults:3 | Found Jecid's Gadget Shoppe.
 53764 | Vaults:3 | Received a gift from Okawaru
 54068 | Vaults:3 | Noticed Donald
 54107 | Vaults:3 | Killed Donald
 54256 | Vaults:3 | Received a gift from Okawaru
 54296 | Vaults:3 | Reached skill level 15 in Stealth
 54400 | Vaults:3 | Noticed Xtahua
 54622 | Vaults:4 | Noticed Frederick
 54636 | Vaults:5 | Entered Level 5 of the Vaults
 54710 | Vaults:4 | Learned a level 5 spell: Silence
 54898 | Vaults:4 | Killed Frederick
 55247 | Vaults:4 | Received a gift from Okawaru
 55415 | Vaults:4 | Identified the amulet "Semew" {Acrobat *Contam +Fly rElec
                  | MP+9}
 55554 | Vaults:4 | Identified the +5 executioner's axe of Ivubupnups {vorpal,
                  | rPois Int+4 Dex-5} (Okawaru gifted it to you on level 4 of
                  | the Vaults)
 55989 | Vaults:4 | Found a runed translucent gate.
 55990 | Vaults:4 | Found a runed translucent gate.
 55990 | Vaults:4 | Found a runed translucent gate.
 55991 | Vaults:4 | Noticed crisisinutopia's ghost (adept MiFi)
 55991 | Vaults:4 | Noticed Yloucecuu's ghost (veteran SpEn)
 56130 | Vaults:4 | Identified the ring "Coh Laul" {rC+ Int+2} (You found it on
                  | level 4 of the Vaults)
 56598 | Vaults:2 | Received a gift from Okawaru
 56807 | Vaults:1 | Reached XP level 21. HP: 165/166 MP: 38/38
 58013 | Elf:1    | Entered Level 1 of the Elven Halls
 58031 | Elf:1    | Found a transporter.
 58058 | Elf:1    | Noticed dudeneo's ghost (journeyman GnFi)
 58223 | Elf:1    | Received a gift from Okawaru
 58428 | Elf:1    | Reached skill level 15 in Invocations
 58449 | Elf:1    | Received a gift from Okawaru
 58601 | Elf:1    | Found a transporter.
 58609 | Elf:1    | Found Qies's Antique Armour Boutique.
 59042 | Elf:1    | Reached skill level 14 in Evocations
 59422 | Elf:2    | Identified the +1 leather armour "Tenob" {rElec rF- rN+}
                  | (You found it on level 2 of the Elven Halls)
 59581 | Elf:2    | Found Hyuc Nirch's Elven Fire.
 60025 | Elf:2    | Found a runed translucent gate.
 60025 | Elf:2    | Found a runed translucent gate.
 60025 | Elf:2    | Found a runed translucent gate.
 60362 | Elf:2    | Received a gift from Okawaru
 60983 | Elf:2    | Got a fine dagger {god gift}
 60984 | Elf:2    | Identified the +8 dagger of Jatug {speed, rN++ Dex-5 SInv
                  | Stlth-} (Okawaru gifted it to you on level 2 of the Elven
                  | Halls)
 61029 | Elf:3    | Entered Level 3 of the Elven Halls
 61084 | Elf:3    | Received a gift from Okawaru
 61125 | Elf:3    | Noticed Aizul
 61158 | Elf:3    | Killed Aizul
 61302 | Elf:3    | Reached XP level 22. HP: 140/174 MP: 37/40
 61506 | Elf:3    | Reached skill level 15 in Fighting
 61506 | Elf:3    | Reached skill level 15 in Short Blades
 61506 | Elf:3    | Reached skill level 15 in Throwing
 61754 | Elf:3    | Received a gift from Okawaru
 61882 | Elf:3    | Identified Fischagu's Handbook of Mutagenic Intoxication
 61895 | Elf:3    | Got a shimmering great mace
 61896 | Elf:3    | Identified the cursed +1 great mace "Dekeugui" {distort,
                  | *Rage rPois rC+ MR+} (You found it on level 3 of the Elven
                  | Halls)
 61954 | Elf:3    | Got a pair of warped gloves
 61965 | Elf:3    | Identified the +0 pair of gloves of Mezcal {rElec rPois}
                  | (You found it on level 3 of the Elven Halls)
 61976 | Elf:3    | Got a bound steel ring
 61978 | Elf:3    | Identified the ring "Ovvyrimu" {*Tele Dex+7 Stlth-} (You
                  | found it on level 3 of the Elven Halls)
 61988 | Elf:3    | Got a warped hunting sling
 61989 | Elf:3    | Identified the +9 hunting sling "Demonslayer" {vorpal,
                  | rPois Str+3 Dex+4} (You found it on level 3 of the Elven
                  | Halls)
 62756 | Depths:1 | Entered Level 1 of the Depths
 62935 | Elf:1    | Killed dudeneo's ghost
 63263 | Depths:1 | Found a gateway to Hell.
 63374 | Depths:1 | Paralysed by a floating eye for 4 turns
 63771 | Depths:1 | Found a one-way gate to the infinite horrors of the Abyss.
 64208 | Depths:2 | Noticed a caustic shrike
 64238 | Depths:1 | Killed a caustic shrike
 64704 | Depths:2 | Found a blossoming altar of Fedhas.
 64800 | Depths:2 | Received a gift from Okawaru
 64800 | Depths:2 | Reached skill level 15 in Maces & Flails
 64819 | Depths:2 | Reached skill level 15 in Dodging
 64953 | Depths:2 | Reached XP level 23. HP: 178/182 MP: 41/41
 65210 | Depths:2 | Found Niuwep's Armour Shoppe.
 65543 | Depths:3 | Reached skill level 15 in Long Blades
 65543 | Depths:3 | Reached skill level 15 in Axes
 65543 | Depths:3 | Reached skill level 15 in Polearms
 65543 | Depths:3 | Reached skill level 15 in Staves
 65543 | Depths:3 | Reached skill level 15 in Slings
 65543 | Depths:3 | Reached skill level 15 in Bows
 65543 | Depths:3 | Reached skill level 15 in Crossbows
 65543 | Depths:3 | Reached skill level 15 in Armour
 65543 | Depths:3 | Reached skill level 15 in Shields
 65543 | Depths:3 | Reached skill level 15 in Unarmed Combat
 65543 | Depths:3 | Reached skill level 15 in Spellcasting
 65543 | Depths:3 | Reached skill level 15 in Evocations
 65971 | Depths:3 | You fall into a shaft and drop 1 floor!
 66188 | Depths:3 | Received a gift from Okawaru
 67323 | Depths:3 | Found a one-way gate leading to the halls of Pandemonium.
 67342 | Depths:3 | Received a gift from Okawaru
 67746 | Depths:4 | Found a gateway to a ziggurat.
 67747 | Depths:4 | Noticed Mara
 67794 | Depths:4 | Received a gift from Okawaru
 67803 | Depths:4 | Received a gift from Okawaru
 67846 | Depths:5 | Entered Level 5 of the Depths
 68749 | Depths:4 | Reached XP level 24. HP: 118/191 MP: 42/42
 68757 | Depths:4 | Noticed a juggernaut
 68778 | Depths:4 | Killed a juggernaut
 69170 | Depths:4 | Received a gift from Okawaru
 69302 | Depths:4 | Killed Mara
 70646 | Vaults:3 | Killed Xtahua
 70842 | Vaults:3 | Gained mutation: Scrolls take you a little longer to read.
                  | [a neqoxec]
 71694 | Depths:1 | Voluntarily entered the Abyss.
 72242 | Abyss:1  | Received a gift from Okawaru
 72254 | Abyss:1  | Got a scorched arbalest {god gift}
 72259 | Abyss:1  | Identified the +3 arbalest of Henaumuck {elec, +Fly}
                  | (Okawaru gifted it to you on level 1 of the Abyss)
 72471 | Abyss:1  | Gained mutation: Your magical capacity is low. (-10% MP) [a
                  | neqoxec]
 72475 | Abyss:1  | Gained mutation: You are surrounded by a mild repulsion
                  | field. (EV +2) [a neqoxec]
 72687 | Depths:1 | Escaped the Abyss
 72744 | Depths:1 | Voluntarily entered the Abyss.
 73340 | Abyss:1  | Reached skill level 16 in Evocations
 73552 | Abyss:1  | Received a gift from Okawaru
 73555 | Abyss:1  | Got a jewelled shortbow {god gift}
 74347 | Abyss:3  | Reached XP level 25. HP: 199/199 MP: 38/38
 74662 | Abyss:4  | Got an abyssal rune of Zot
 75019 | Depths:1 | Escaped the Abyss
 75276 | Swamp:1  | Entered Level 1 of the Swamp
 75446 | Swamp:1  | Received a gift from Okawaru
 75807 | Swamp:1  | Identified the +7 shortbow of Navviec {freeze, +Blink Dex-5
                  | Stlth+} (Okawaru gifted it to you on level 1 of the Abyss)
 75809 | Swamp:1  | Identified the +4 chain mail "Kuir" {MR+} (You found it on
                  | level 1 of the Swamp)
 76679 | Swamp:2  | Identified a +2 pair of boots of running (You found it on
                  | level 2 of the Swamp)
 76853 | Swamp:2  | Noticed Jorgrun
 76872 | Swamp:2  | Killed Jorgrun
 76966 | Swamp:2  | Noticed Nikola
 76969 | Swamp:2  | Killed Nikola
 78439 | Swamp:4  | Entered Level 4 of the Swamp
 78578 | Swamp:4  | Learned a level 2 spell: Swiftness
 78584 | Swamp:4  | Learned a level 5 spell: Summon Mana Viper
 78591 | Swamp:4  | Learned a level 6 spell: Statue Form
 78909 | Swamp:4  | Received a gift from Okawaru
 78952 | Swamp:4  | Identified the +3 hand crossbow of the Illusory Spirits
                  | {elec, rElec rN+ Int+2 Dex+3} (Okawaru gifted it to you on
                  | level 4 of the Swamp)
 79825 | Swamp:4  | Got a decaying rune of Zot
 80569 | Crypt:1  | Entered Level 1 of the Crypt
 80648 | Crypt:1  | Found a runed translucent gate.
 80648 | Crypt:1  | Found a runed translucent gate.
 80648 | Crypt:1  | Found a runed translucent gate.
 80667 | Crypt:1  | Learned a level 4 spell: Cause Fear
 81562 | Elf:3    | Got a faintly glowing spear
 81563 | Elf:3    | Identified the +11 spear "Lawec" {flame, *Corrode +Rage
                  | Str+4 SInv} (You found it on level 3 of the Elven Halls)
 81756 | D:13     | Bought a crude short sword for 216 gold pieces
 81756 | D:13     | Bought a runed double sword for 486 gold pieces
 81760 | D:13     | Identified the +1 short sword "Keadwaed" {drain, MP+9} (You
                  | bought it in a shop on level 13 of the Dungeon)
 82687 | Crypt:1  | Identified the +7 dagger "Zezu Riss" {distort, rPois Int-5
                  | SInv} (You found it on level 1 of the Crypt)
 83019 | Crypt:2  | Received a gift from Okawaru
 83489 | Crypt:2  | Reached XP level 26. HP: 208/208 MP: 39/39
 83526 | Crypt:2  | Received a gift from Okawaru
 83951 | Crypt:3  | Entered Level 3 of the Crypt
 85146 | Crypt:3  | Found a staircase to the Tomb.
 85181 | Crypt:3  | Noticed an ancient lich
 85196 | Crypt:3  | Killed an ancient lich
 85196 | Crypt:3  | Received a gift from Okawaru
 85277 | Crypt:3  | Got a steaming hat {god gift}
 85288 | Crypt:3  | Identified the +4 hat of Perpetual Drought {+Inv rElec
                  | Dex+7 Stlth-} (Okawaru gifted it to you on level 3 of the
                  | Crypt)
 85953 | Crypt:3  | Reached skill level 17 in Evocations
 85962 | Crypt:3  | Identified the Guide on Necromancy
 86434 | Elf:1    | Bought runed storm dragon scales for 2490 gold pieces
 86519 | Orc:2    | Bought a scroll of identify for 26 gold pieces
 86519 | Orc:2    | Bought a scroll of identify for 26 gold pieces
 86519 | Orc:2    | Bought a scroll of identify for 26 gold pieces
 86519 | Orc:2    | Bought a scroll of identify for 26 gold pieces
 86569 | Elf:1    | Identified the amulet "Qyguz" {+Inv Regen+ Dex-3 SInv} (You
                  | found it on level 1 of the Elven Halls)
 86818 | Pan      | Entered Pandemonium
 86819 | Pan      | Lost mutation: Scrolls take you a little longer to read.
                  | [potion of mutation]
 86819 | Pan      | Lost mutation: Your magical capacity is low. (-10% MP)
                  | [potion of mutation]
 86819 | Pan      | Lost mutation: You are surrounded by a mild repulsion
                  | field. (EV +2) [potion of mutation]
 86819 | Pan      | Gained mutation: You are resistant to hostile enchantments.
                  | (MR+) [potion of mutation]
 86819 | Pan      | Gained mutation: You are highly resistant to hostile
                  | enchantments. (MR++) [potion of mutation]
 86819 | Pan      | Gained mutation: You are robust. (+10% HP) [potion of
                  | mutation]
 86974 | Pan      | Noticed Iteffits the pandemonium lord
 87488 | Pan      | HP: 12/297 [tormentor (6)]
 88449 | Pan      | Killed Iteffits the pandemonium lord
 89109 | Pan      | Entered the realm of Cerebov.
 89624 | Pan      | Reached XP level 27. HP: 237/237 MP: 44/44
 90277 | Pan      | Identified the cursed ring "Limeprer" {rN+ AC-4}
 90301 | Pan      | Received a gift from Okawaru
 90341 | Pan      | Identified the +9 flail "Ahoizxojam" {flame, rPois rC+ rN+
                  | Int-5}
 90349 | Pan      | Identified the +4 hunting sling "Teutz" {venom, rF+}
 90413 | Pan      | Identified the cursed +2 great sword "Qec Qewori" {flame,
                  | MR++ Str+3 Dex-4}
 90782 | Pan      | Learned a level 5 spell: Metabolic Englaciation
 90836 | Pan      | Identified the +7 short sword of Resourcefulness {freeze,
                  | +Fly rF+ rC+} (You found it in Pandemonium)
 90891 | Pan      | Reached skill level 15 in Conjurations
 90891 | Pan      | Reached skill level 15 in Hexes
 90891 | Pan      | Reached skill level 15 in Summonings
 90891 | Pan      | Reached skill level 15 in Necromancy
 90891 | Pan      | Reached skill level 15 in Translocations
 90891 | Pan      | Reached skill level 15 in Transmutations
 90891 | Pan      | Reached skill level 15 in Fire Magic
 90891 | Pan      | Reached skill level 15 in Ice Magic
 90891 | Pan      | Reached skill level 15 in Air Magic
 90891 | Pan      | Reached skill level 15 in Earth Magic
 90891 | Pan      | Reached skill level 15 in Poison Magic
 91737 | Pan      | Reached skill level 18 in Evocations
 92208 | Pan      | Received a gift from Okawaru
 92684 | Pan      | HP: 10/238 [infernal warmonger/+4 demon whip of
                  | electrocution (10)]
 93279 | Pan      | Received a gift from Okawaru
 93915 | Pan      | Identified the +6 sword of Cerebov {flame}
 93915 | Pan      | Noticed Cerebov
 93974 | Pan      | Killed Cerebov
 93974 | Pan      | Received a gift from Okawaru
 94403 | Pan      | Identified the Almanac of Feathery Cold
 94406 | Pan      | Got a fiery rune of Zot
 95842 | Pan      | Received a gift from Okawaru
 96723 | Pan      | Reached skill level 19 in Evocations
 96913 | Pan      | Gained mutation: You occasionally shout uncontrollably at
                  | your foes. [a cacodemon]
 96967 | Pan      | Lost mutation: You are highly resistant to hostile
                  | enchantments. (MR++) [potion of mutation]
 96967 | Pan      | Lost mutation: You are resistant to hostile enchantments.
                  | (MR+) [potion of mutation]
 96967 | Pan      | Lost mutation: You occasionally shout uncontrollably at
                  | your foes. [potion of mutation]
 96967 | Pan      | Gained mutation: Your spells are a little easier to cast,
                  | but a little less powerful. [potion of mutation]
 96967 | Pan      | Gained mutation: Your body sometimes deteriorates upon
                  | taking damage. [potion of mutation]
 96967 | Pan      | Gained mutation: Your muscles are strong. (Str +2) [potion
                  | of mutation]
 96967 | Pan      | Gained mutation: You are partially covered in iridescent
                  | scales. (AC +2) [potion of mutation]
 97054 | Pan      | Received a gift from Okawaru
 97318 | Pan      | Received a gift from Okawaru
 97365 | Pan      | Noticed Omumnido the pandemonium lord
 97379 | Pan      | Killed Omumnido the pandemonium lord
 97416 | Pan      | Received a gift from Okawaru
 97419 | Pan      | Identified the +4 ring mail of Complete Protection {rPois}
                  | (Okawaru gifted it to you in Pandemonium)
 97632 | Pan      | Gained mutation: Your spells are easier to cast, but less
                  | powerful. [a neqoxec]
 98055 | Pan      | Entered the realm of Mnoleg.
 98208 | Pan      | Identified the cursed +0 war axe of Joyful Slaughter
                  | {speed, rElec rF+ rN+++ Int-2} (You found it in
                  | Pandemonium)
 98413 | Pan      | Learned a level 5 spell: Summon Forest
 98419 | Pan      | Learned a level 5 spell: Summon Demon
 98578 | Pan      | Gained mutation: You are clumsy. (Dex -2) [a cacodemon]
 98796 | Pan      | Noticed Mnoleg
 98926 | Pan      | Gained mutation: Your spells are much easier to cast, but
                  | much less powerful. [a cacodemon]
 98936 | Pan      | Gained mutation: You do not regenerate when monsters are
                  | visible. [Mnoleg's mutagenic touch]
 98940 | Pan      | Killed Mnoleg
 98949 | Pan      | Got a glowing rune of Zot
 99440 | Pan      | Gained mutation: You occasionally shout uncontrollably at
                  | your foes. [a neqoxec]
 99870 | Pan      | Gained mutation: Your body often deteriorates upon taking
                  | damage. [a neqoxec]
 99895 | Depths:3 | Escaped Pandemonium
 99896 | Depths:3 | Lost mutation: Your muscles are strong. (Str +2) [potion of
                  | mutation]
 99896 | Depths:3 | Lost mutation: Your spells are much easier to cast, but
                  | much less powerful. [potion of mutation]
 99896 | Depths:3 | Lost mutation: You are robust. (+10% HP) [potion of
                  | mutation]
 99896 | Depths:3 | Gained mutation: You have a pair of small horns on your
                  | head. [potion of mutation]
 99896 | Depths:3 | Gained mutation: You are robust. (+10% HP) [potion of
                  | mutation]
 99897 | Depths:3 | Lost mutation: Your body often deteriorates upon taking
                  | damage. [potion of mutation]
 99897 | Depths:3 | Lost mutation: You do not regenerate when monsters are
                  | visible. [potion of mutation]
 99897 | Depths:3 | Lost mutation: Your spells are easier to cast, but less
                  | powerful. [potion of mutation]
 99897 | Depths:3 | Gained mutation: Potions are less effective at restoring
                  | your health. [potion of mutation]
 99897 | Depths:3 | Gained mutation: You have a somewhat thin skeletal
                  | structure. (Dex +2, Stealth) [potion of mutation]
 99897 | Depths:3 | Lost mutation: Your spells are a little easier to cast, but
                  | a little less powerful. [potion of mutation]
 99898 | Depths:3 | Lost mutation: You are robust. (+10% HP) [potion of
                  | mutation]
 99898 | Depths:3 | Lost mutation: You are clumsy. (Dex -2) [potion of
                  | mutation]
 99898 | Depths:3 | Lost mutation: Your body sometimes deteriorates upon taking
                  | damage. [potion of mutation]
 99898 | Depths:3 | Lost mutation: You have a pair of small horns on your head.
                  | [potion of mutation]
 99898 | Depths:3 | Gained mutation: You are weak. (Str -2) [potion of
                  | mutation]
 99898 | Depths:3 | Gained mutation: You have a pair of small horns on your
                  | head. [potion of mutation]
 99960 | Depths:4 | Got a sapphire-encrusted plate armour {god gift}
 99966 | Depths:4 | Identified the +0 plate armour of Gehenna {Str+6} (Okawaru
                  | gifted it to you on level 4 of the Depths)
100135 | Depths:5 | Noticed Boris
100483 | Depths:5 | Received a gift from Okawaru
100546 | Depths:5 | Found Lachoseotu's General Store.
100554 | Depths:5 | Found Cim Veaf's Assorted Antiques.
100554 | Depths:5 | Found Guis's Armour Emporium.
100572 | Depths:5 | Found Ziczuf's Assorted Antiques.
100574 | Depths:5 | Bought a potion of curing for 51 gold pieces
100574 | Depths:5 | Bought a potion of curing for 51 gold pieces
100577 | Depths:5 | Bought a potion of heal wounds for 115 gold pieces
100580 | Depths:5 | Bought a scroll of magic mapping for 91 gold pieces
100580 | Depths:5 | Bought a scroll of teleportation for 78 gold pieces
100802 | Depths:5 | Got a brightly glowing lead ring
100830 | Depths:5 | Gained mutation: Your body sometimes deteriorates upon
                  | taking damage. [a cacodemon]
100859 | Depths:5 | Gained mutation: Your body often deteriorates upon taking
                  | damage. [a cacodemon]
101139 | Depths:5 | Received a gift from Okawaru
101169 | Depths:5 | Killed Boris
101213 | Depths:5 | Identified the ring of Merit {+Inv rN+ MR+ MP-9 Int+3} (You
                  | found it on level 5 of the Depths)
101275 | Depths:5 | Reached skill level 20 in Evocations
101308 | Depths:5 | Found a gate to the Realm of Zot.
101453 | Zot:1    | Entered Level 1 of the Realm of Zot
102416 | Zot:1    | Received a gift from Okawaru
102803 | Zot:1    | Noticed an ancient lich
103181 | Zot:1    | Received a gift from Okawaru
103476 | Zot:1    | Killed an ancient lich
103503 | Zot:1    | Received a gift from Okawaru
104709 | Zot:2    | Received a gift from Okawaru
104727 | Zot:2    | You fall into a shaft and drop 1 floor!
105254 | Zot:3    | Reached skill level 21 in Evocations
106057 | Zot:4    | Got a faintly glowing bone ring
106059 | Zot:4    | Identified the ring "Hudalin" {rPois rC+ rN+} (You found it
                  | on level 4 of the Realm of Zot)
106269 | Zot:4    | Found the +3 pair of gauntlets of War {Slay+5}
106484 | Zot:4    | Received a gift from Okawaru
106863 | Zot:4    | Received a gift from Okawaru
107440 | Zot:5    | Entered Level 5 of the Realm of Zot
107455 | Zot:5    | Received a gift from Okawaru
107580 | Zot:5    | Received a gift from Okawaru
107761 | Zot:5    | Found a glowing silver altar of Zin.
107789 | Zot:5    | Got a steaming kite shield {god gift}
107796 | Zot:5    | Identified the +0 kite shield of Generosity {Str+3 Int+3
                  | Dex+3} (Okawaru gifted it to you on level 5 of the Realm of
                  | Zot)
108354 | Hell     | Entered the Vestibule of Hell
108354 | Hell     | Noticed Geryon
108740 | Hell     | Killed Geryon
109005 | Hell     | Found a gateway to the decaying netherworld of Tartarus.
109114 | Hell     | Noticed Murray
109132 | Hell     | Killed Murray
109349 | Hell     | Found a gateway to the freezing wastes of Cocytus.
109418 | Hell     | Found a gateway to the Iron City of Dis.
109678 | Hell     | Found a gateway to the ashen valley of Gehenna.
110087 | Orc:2    | Bought a manual of Slings for 1656 gold pieces
110087 | Orc:2    | Bought a book of the Dragon for 1350 gold pieces
110502 | Tomb:1   | Entered Level 1 of the Tomb of the Ancients
110512 | Tomb:1   | Noticed Boris
110530 | Tomb:1   | Killed Boris
111223 | Tomb:1   | Noticed a greater mummy
111254 | Tomb:1   | Killed a greater mummy
111254 | Tomb:1   | Received a gift from Okawaru
111255 | Tomb:1   | Reached skill level 22 in Evocations
111255 | Tomb:1   | Gained mutation: You sometimes yell uncontrollably at your
                  | foes. [mutagenic glow]
111264 | Tomb:1   | Gained mutation: Scrolls take you a little longer to read.
                  | [mutagenic glow]
111278 | Tomb:1   | Lost mutation: Scrolls take you a little longer to read.
                  | [mutagenic glow]
111649 | Tomb:1   | Noticed a greater mummy
111651 | Tomb:1   | Noticed a greater mummy
111663 | Tomb:1   | Killed a greater mummy
111669 | Tomb:1   | Killed a greater mummy
112006 | Tomb:1   | Noticed a greater mummy
112017 | Tomb:1   | Killed a greater mummy
112713 | Depths:4 | Got a blackened plate armour {god gift}
112719 | Depths:4 | Identified the +1 plate armour of the First Snow {rPois
                  | Dex+4} (Okawaru gifted it to you on level 4 of the Depths)
112821 | Depths:2 | Got a glimmering plate armour {god gift}
112827 | Depths:2 | Identified the +4 plate armour "Xyqyul" {Str-5 Int+3}
                  | (Okawaru gifted it to you on level 2 of the Depths)
115189 | Slime:1  | Entered Level 1 of the Pits of Slime
115295 | Slime:2  | Received a gift from Okawaru
117169 | Slime:2  | You fall into a shaft and drop 1 floor!
117332 | Slime:4  | Received a gift from Okawaru
117846 | Slime:4  | Received a gift from Okawaru
117933 | Slime:3  | Gained mutation: You frequently scream uncontrollably at
                  | your foes. [a shining eye]
118553 | Slime:5  | Entered Level 5 of the Pits of Slime
118564 | Slime:5  | Noticed the Royal Jelly
119972 | Slime:1  | Gained mutation: You are frail. (-10% HP) [a shining eye]
119973 | Slime:1  | Gained mutation: You are very weak. (Str -4) [a shining
                  | eye]
119976 | Slime:1  | Gained mutation: Scrolls take you a little longer to read.
                  | [a shining eye]
120758 | Slime:4  | Received a gift from Okawaru
120766 | Slime:5  | Gained mutation: Your spells are a little easier to cast,
                  | but a little less powerful. [a shining eye]
121095 | Slime:5  | Found a viscous altar of Jiyva.
121117 | Slime:5  | Received a gift from Okawaru
121346 | Slime:5  | Gained mutation: Scrolls take you longer to read. [a
                  | shining eye]
121347 | Slime:5  | Gained mutation: You are dopey. (Int -2) [a shining eye]
121377 | Slime:5  | Fell from the grace of Okawaru
121377 | Slime:5  | Became a worshipper of Jiyva Juzxos the Shapeless
122243 | Snake:4  | Reached * piety under Jiyva
122247 | Snake:4  | Reached ** piety under Jiyva
122256 | Snake:4  | Reached *** piety under Jiyva
122258 | Snake:4  | Gained mutation: You have a small jelly attached to you
                  | that may absorb incoming projectiles. [Jiyva's grace]
122340 | Snake:4  | Reached **** piety under Jiyva
122343 | Snake:4  | Lost mutation: You have a pair of small horns on your head.
                  | [Jiyva's grace]
122547 | Snake:3  | Gained mutation: Your translucent skin slightly reduces
                  | your foes' accuracy. (Stealth) [Jiyva's grace]
122556 | Snake:3  | Reached ***** piety under Jiyva
122751 | Snake:2  | Lost mutation: You are dopey. (Int -2) [Jiyva's grace]
123019 | Snake:1  | Lost mutation: Your spells are a little easier to cast, but
                  | a little less powerful. [Jiyva's power]
123020 | Snake:1  | Lost mutation: Your body often deteriorates upon taking
                  | damage. [Jiyva's power]
123071 | Snake:1  | Gained mutation: Your rubbery body absorbs attacks. (AC +1,
                  | EV +1) [Jiyva's grace]
123568 | Vaults:1 | Lost mutation: You have a small jelly attached to you that
                  | may absorb incoming projectiles. [Jiyva's grace]
123610 | Vaults:1 | Gained mutation: You are partially covered in yellow
                  | scales. (AC +2) [Jiyva's grace]
123621 | Vaults:1 | Lost mutation: You frequently scream uncontrollably at your
                  | foes. [Jiyva's power]
123661 | Vaults:1 | Lost mutation: You are frail. (-10% HP) [Jiyva's grace]
123687 | Vaults:1 | Lost mutation: Scrolls take you longer to read. [Jiyva's
                  | grace]
123873 | Vaults:1 | Gained mutation: Your system is resistant to poisons.
                  | (rPois) [Jiyva's grace]
124056 | Vaults:2 | Gained mutation: You are resistant to electric shocks.
                  | (rElec) [Jiyva's grace]
124076 | Vaults:2 | Lost mutation: Scrolls take you a little longer to read.
                  | [Jiyva's power]
124087 | Vaults:2 | Gained mutation: Your flesh is cold resistant. (rC+)
                  | [Jiyva's grace]
124120 | Vaults:2 | Gained mutation: Your pliable body absorbs attacks. (AC +2,
                  | EV +2) [Jiyva's grace]
124184 | Vaults:2 | Reached ****** piety under Jiyva
124185 | Vaults:2 | Gained mutation: Your flesh is heat resistant. (rF+)
                  | [Jiyva's grace]
124191 | Vaults:2 | Lost mutation: Your body sometimes deteriorates upon taking
                  | damage. [Jiyva's power]
124192 | Vaults:2 | Lost mutation: You are very weak. (Str -4) [Jiyva's power]
124193 | Vaults:2 | Lost mutation: You are weak. (Str -2) [Jiyva's power]
124260 | D:14     | Gained mutation: Your body has grown golden eyes which may
                  | confuse attackers. (Acc +3) [Jiyva's grace]
124341 | Depths:3 | Lost mutation: You sometimes yell uncontrollably at your
                  | foes. [Jiyva's power]
124358 | Depths:3 | Lost mutation: You occasionally shout uncontrollably at
                  | your foes. [Jiyva's grace]
124385 | Pan      | Entered Pandemonium
124977 | Pan      | Noticed Zusados the pandemonium lord
125138 | Pan      | Lost mutation: Your flesh is cold resistant. (rC+) [Jiyva's
                  | grace]
125294 | Pan      | Identified the +2 robe of Gehenna {rCorr Str+4 Stlth-} (You
                  | found it in Pandemonium)
125324 | Pan      | Killed Zusados the pandemonium lord
126706 | Pan      | Gained mutation: Your translucent skin reduces your foes'
                  | accuracy. (Stealth) [Jiyva's grace]
126805 | Pan      | Found an exit through the horrors of the Abyss.
126828 | Pan      | Took an exit into the Abyss.
126828 | Abyss:1  | Escaped into the Abyss
126894 | Abyss:1  | Reached skill level 23 in Evocations
126928 | Abyss:1  | Found a corrupted altar of Lugonu.
126957 | Abyss:2  | Lost mutation: Potions are less effective at restoring your
                  | health. [Jiyva's power]
127929 | Abyss:3  | Lost mutation: You are partially covered in iridescent
                  | scales. (AC +2) [Jiyva's grace]
128102 | Abyss:3  | Identified the +4 chain mail of the Spider Nest {rPois
                  | Str-5 Dex+4 Slay+2} (You found it on level 3 of the Abyss)
128150 | Abyss:3  | Paralysed by accursed screaming for 1 turns
128151 | Abyss:3  | Noticed an ancient lich
128293 | Abyss:4  | Gained mutation: You possess an exceptional clarity of
                  | mind. [a neqoxec]
128294 | Abyss:4  | Lost mutation: Your translucent skin reduces your foes'
                  | accuracy. (Stealth) [a neqoxec]
128300 | Abyss:4  | Gained mutation: You have a pair of small antennae on your
                  | head. [Jiyva's grace]
128507 | Abyss:4  | Was forgiven by Okawaru
128824 | Abyss:4  | Paralysed by you for 2 turns
129040 | Abyss:4  | Found a shimmering blue altar of Sif Muna.
129043 | Abyss:4  | Lost mutation: Your pliable body absorbs attacks. (AC +2,
                  | EV +2) [Jiyva's grace]
129080 | Depths:3 | Escaped the Abyss
129105 | Depths:3 | Lost mutation: You are partially covered in yellow scales.
                  | (AC +2) [Jiyva's grace]
129174 | Depths:4 | Voluntarily entered the Abyss.
129183 | Abyss:1  | Noticed an ancient lich
129194 | Abyss:1  | Paralysed by accursed screaming for 1 turns
129197 | Abyss:1  | Paralysed by accursed screaming for 2 turns
129201 | Depths:4 | Escaped the Abyss
129221 | Depths:4 | Killed an ancient lich
129248 | Depths:4 | Voluntarily entered the Abyss.
129259 | Abyss:1  | Found a corrupted altar of Lugonu.
129311 | Abyss:1  | Lost mutation: Your flesh is heat resistant. (rF+) [Jiyva's
                  | grace]
129385 | Abyss:1  | Killed an ancient lich
129403 | Abyss:1  | Found a corrupted altar of Lugonu.
129589 | Abyss:2  | Found a corrupted altar of Lugonu.
129761 | Abyss:2  | Found a corrupted altar of Lugonu.
129834 | Abyss:2  | Identified the +6 arbalest "Ydoc Tur" {flame, rF+} (You
                  | found it on level 2 of the Abyss)
129941 | Depths:4 | Escaped the Abyss
130017 | Depths:5 | Lost mutation: Your body has grown golden eyes which may
                  | confuse attackers. (Acc +3) [Jiyva's grace]
130161 | Depths:5 | Gained mutation: Armour fits poorly on your pseudopods.
                  | [Jiyva's grace]
130401 | Lair:1   | Lost mutation: You have a pair of small antennae on your
                  | head. [Jiyva's grace]
130728 | Depths:5 | Gained mutation: Your translucent skin reduces your foes'
                  | accuracy. (Stealth) [Jiyva's grace]
131317 | Zot:5    | Noticed an ancient lich
131356 | Zot:5    | Lost mutation: Armour fits poorly on your pseudopods.
                  | [Jiyva's grace]
131383 | Zot:5    | Noticed an orb of fire
131480 | Zot:5    | Gained mutation: Your flesh is cold resistant. (rC+)
                  | [Jiyva's grace]
131483 | Zot:4    | Gained mutation: Your magical capacity is low. (-10% MP)
                  | [an orb of fire]
131497 | Zot:4    | Killed an orb of fire
131498 | Zot:4    | Lost mutation: Your magical capacity is low. (-10% MP)
                  | [Jiyva's power]
131548 | Zot:5    | Noticed an orb of fire
131691 | Zot:4    | Lost mutation: You possess an exceptional clarity of mind.
                  | [Jiyva's grace]
131699 | Zot:4    | Gained mutation: You tend to lose your temper in combat.
                  | [an orb of fire]
131708 | Zot:4    | Killed an orb of fire
131709 | Zot:4    | Lost mutation: You tend to lose your temper in combat.
                  | [Jiyva's power]
132228 | Zot:4    | Gained mutation: You have a moderately thin skeletal
                  | structure. (Dex +4, Stealth+) [Jiyva's grace]
132300 | Zot:5    | Noticed an ancient lich
132310 | Zot:5    | Killed an ancient lich
132630 | Zot:5    | Reached skill level 24 in Evocations
132662 | Zot:5    | Killed an ancient lich
132723 | Zot:5    | Lost mutation: Your system is resistant to poisons. (rPois)
                  | [Jiyva's grace]
133223 | Zot:5    | Gained mutation: Scrolls take you a little longer to read.
                  | [mutagenic glow]
133225 | Zot:5    | Lost mutation: Scrolls take you a little longer to read.
                  | [Jiyva's power]
133250 | Zot:5    | Gained mutation: You are weak. (Str -2) [mutagenic glow]
133272 | Zot:5    | Noticed an orb of fire
133341 | Zot:5    | Noticed an ancient lich
133371 | Zot:5    | Gained mutation: You tend to lose your temper in combat.
                  | [an orb of fire]
133388 | Zot:4    | Killed an ancient lich
133586 | Zot:5    | Gained mutation: You are very weak. (Str -4) [an orb of
                  | fire]
133592 | Zot:4    | Gained mutation: Scrolls take you a little longer to read.
                  | [an orb of fire]
133598 | Zot:4    | Gained mutation: Scrolls take you longer to read. [an orb
                  | of fire]
133600 | Zot:4    | Gained mutation: Your magical capacity is low. (-10% MP)
                  | [an orb of fire]
133611 | Zot:4    | Lost mutation: You are very weak. (Str -4) [Jiyva's power]
133612 | Zot:4    | Lost mutation: Scrolls take you longer to read. [Jiyva's
                  | power]
133613 | Zot:4    | Lost mutation: Your magical capacity is low. (-10% MP)
                  | [Jiyva's power]
133685 | Zot:3    | Lost mutation: Your translucent skin reduces your foes'
                  | accuracy. (Stealth) [Jiyva's grace]
133715 | Zot:3    | Lost mutation: You are weak. (Str -2) [Jiyva's power]
133781 | Zot:3    | Gained mutation: Your pliable body absorbs attacks. (AC +2,
                  | EV +2) [Jiyva's grace]
133997 | Zot:2    | Gained mutation: You have a small jelly attached to you
                  | that senses nearby items. [Jiyva's grace]
134041 | Zot:2    | Gained mutation: Your body has grown golden eyes which may
                  | confuse attackers. (Acc +3) [Jiyva's grace]
134048 | Zot:2    | Lost mutation: Scrolls take you a little longer to read.
                  | [Jiyva's power]
134180 | Zot:5    | Gained mutation: You often lose your temper in combat. [an
                  | orb of fire]
134194 | Zot:4    | Killed an orb of fire
134317 | Zot:5    | Noticed an ancient lich
134355 | Zot:5    | Killed an ancient lich
134484 | Zot:5    | Identified the +4 dragonskin cloak
134484 | Zot:5    | Noticed Tiamat
134521 | Zot:5    | Gained mutation: You are robust. (+10% HP) [Jiyva's grace]
134976 | Zot:4    | Killed Tiamat
135052 | Zot:5    | Lost mutation: You often lose your temper in combat.
                  | [Jiyva's power]
135294 | Zot:1    | Gained mutation: Your body has grown many golden eyes which
                  | may confuse attackers. (Acc +5) [Jiyva's grace]
135329 | Pan      | Entered Pandemonium
135652 | Pan      | Found an exit through the horrors of the Abyss.
135730 | Pan      | Lost mutation: You are robust. (+10% HP) [a cacodemon]
135739 | Pan      | Noticed Mofuts the pandemonium lord
135747 | Pan      | Lost mutation: You tend to lose your temper in combat.
                  | [Jiyva's grace]
135753 | Pan      | Gained mutation: You tend to lose your temper in combat. [a
                  | neqoxec]
135764 | Pan      | Killed Mofuts the pandemonium lord
135877 | Pan      | Lost mutation: You tend to lose your temper in combat.
                  | [Jiyva's power]
136032 | Pan      | Found a runed translucent door.
136060 | Pan      | Got a demonic rune of Zot
136061 | Pan      | Gained mutation: You are partially covered in molten
                  | scales. (AC +2) [Jiyva's grace]
136076 | Pan      | Entered the realm of Gloorx Vloq.
136905 | Pan      | Learned a level 8 spell: Necromutation
137420 | Pan      | Noticed Gloorx Vloq
137452 | Pan      | Killed Gloorx Vloq
137484 | Pan      | Got a dark rune of Zot
137751 | Pan      | Reached skill level 25 in Evocations
138407 | Pan      | Gained mutation: You have supernaturally acute eyesight.
                  | (SInv) [Jiyva's grace]
138521 | Pan      | Noticed Bimudeitzu the pandemonium lord
138677 | Pan      | Killed Bimudeitzu the pandemonium lord
138921 | Pan      | Got an ancient battleaxe
138990 | Pan      | Gained mutation: You have a small jelly attached to you
                  | that may absorb incoming projectiles. [Jiyva's grace]
139039 | Pan      | Noticed Eneituos the pandemonium lord
139041 | Pan      | Killed Eneituos the pandemonium lord
139129 | Pan      | Found an exit through the horrors of the Abyss.
139135 | Pan      | Took an exit into the Abyss.
139135 | Abyss:1  | Escaped into the Abyss
139295 | Abyss:1  | Killed an ancient lich
139365 | Abyss:1  | Identified the +10 battleaxe of Forgiveness {drain, +Inv
                  | MR+++ Str+3 Int-5} (You found it in Pandemonium)
139477 | Depths:5 | Escaped the Abyss
139980 | D:12     | Lost mutation: Your translucent skin slightly reduces your
                  | foes' accuracy. (Stealth) [Jiyva's grace]
140147 | Pan      | Entered Pandemonium
140174 | Pan      | Found an exit through the horrors of the Abyss.
140259 | Pan      | Noticed Waqu the pandemonium lord
140275 | Pan      | Killed Waqu the pandemonium lord
140293 | Pan      | Identified the Incunabulum of Blows and Bruises and
                  | Necromancy
140313 | Pan      | Gained mutation: Your muscles are strong. (Str +2) [Jiyva's
                  | grace]
140496 | Pan      | Gained mutation: Your spells are a little easier to cast,
                  | but a little less powerful. [a neqoxec]
140615 | Pan      | Gained mutation: You possess an exceptional clarity of
                  | mind. [Jiyva's grace]
140691 | Pan      | Lost mutation: Your spells are a little easier to cast, but
                  | a little less powerful. [Jiyva's power]
141035 | Pan      | Acquired a book of the Earth
141041 | Pan      | Lost mutation: You are resistant to electric shocks.
                  | (rElec) [Jiyva's grace]
141064 | Pan      | Noticed Xeymoff the pandemonium lord
141079 | Pan      | Killed Xeymoff the pandemonium lord
141166 | Pan      | Gained mutation: You expend magic power (3 MP) to
                  | strengthen your wands. [Jiyva's grace]
141761 | Pan      | Noticed Jumoumn the pandemonium lord
141769 | Pan      | Killed Jumoumn the pandemonium lord
141810 | Depths:3 | Escaped Pandemonium
141812 | Pan      | Entered the realm of Lom Lobon.
141812 | Pan      | Entered Pandemonium
141838 | Pan      | Lost mutation: You are partially covered in molten scales.
                  | (AC +2) [Jiyva's grace]
142139 | Pan      | Gained mutation: Your translucent skin slightly reduces
                  | your foes' accuracy. (Stealth) [Jiyva's grace]
142358 | Pan      | Found an exit through the horrors of the Abyss.
142550 | Pan      | Noticed Lom Lobon
142575 | Pan      | Killed Lom Lobon
142592 | Pan      | Got a magical rune of Zot
142675 | Pan      | Took an exit into the Abyss.
142675 | Abyss:1  | Escaped into the Abyss
142688 | Abyss:1  | Found a corrupted altar of Lugonu.
142769 | Depths:3 | Escaped the Abyss
142934 | Vaults:2 | Gained mutation: You are covered in slimy tendrils that may
                  | disarm your opponents. [Jiyva's grace]
143323 | Tomb:2   | Noticed a greater mummy
143355 | Tomb:2   | Killed a greater mummy
143425 | Tomb:2   | Noticed a greater mummy
143427 | Tomb:2   | Noticed a greater mummy
143428 | Tomb:2   | Noticed a greater mummy
143435 | Tomb:2   | Killed a greater mummy
143435 | Tomb:2   | Reached skill level 26 in Evocations
143440 | Tomb:2   | Killed a greater mummy
143444 | Tomb:2   | Killed a greater mummy
143546 | Tomb:2   | Noticed a greater mummy
143552 | Tomb:2   | Killed a greater mummy
144424 | Tomb:1   | Noticed a greater mummy
144431 | Tomb:1   | Killed a greater mummy
144435 | Tomb:1   | Noticed a greater mummy
144443 | Tomb:1   | Noticed a greater mummy
144444 | Tomb:1   | Killed a greater mummy
144448 | Tomb:1   | Killed a greater mummy
144490 | Tomb:1   | Noticed a greater mummy
144497 | Tomb:1   | Killed a greater mummy
144506 | Tomb:1   | Noticed a greater mummy
144518 | Tomb:1   | Killed a greater mummy
144528 | Tomb:1   | Noticed a greater mummy
144535 | Tomb:1   | Killed a greater mummy
144576 | Tomb:1   | Noticed a greater mummy
144589 | Tomb:1   | Killed a greater mummy
144740 | Tomb:1   | Noticed a greater mummy
144744 | Tomb:1   | Killed a greater mummy
144863 | Tomb:1   | Noticed a greater mummy
144872 | Tomb:1   | Killed a greater mummy
144873 | Tomb:1   | Noticed a greater mummy
144875 | Tomb:1   | Noticed a greater mummy
144885 | Tomb:1   | Killed a greater mummy
144893 | Tomb:1   | Killed a greater mummy
145069 | Tomb:1   | Noticed a greater mummy
145081 | Tomb:1   | Killed a greater mummy
145459 | Tomb:2   | Identified the +7 spear "Gyurison" {flame, *Noise +Fly
                  | Int+4 Dex+4 SInv}
146328 | Tomb:1   | Learned a level 8 spell: Discord
146711 | Vaults:4 | Killed Yloucecuu's ghost
146717 | Vaults:4 | Killed crisisinutopia's ghost
146741 | Vaults:4 | Lost mutation: Your muscles are strong. (Str +2) [Jiyva's
                  | grace]
146806 | Vaults:5 | Noticed Bai Suzhen
146820 | Vaults:5 | Killed Bai Suzhen
146826 | Vaults:5 | Noticed Mennas
146835 | Vaults:5 | Killed Mennas
147015 | Vaults:5 | Noticed Sojobo
147059 | Vaults:4 | Lost mutation: You are covered in slimy tendrils that may
                  | disarm your opponents. [Jiyva's grace]
147082 | Vaults:4 | Lost mutation: You possess an exceptional clarity of mind.
                  | [Jiyva's grace]
147093 | Vaults:4 | Lost mutation: You expend magic power (3 MP) to strengthen
                  | your wands. [Jiyva's grace]
147098 | Vaults:4 | Lost mutation: Your flesh is cold resistant. (rC+) [Jiyva's
                  | grace]
147121 | Vaults:4 | Lost mutation: You have a small jelly attached to you that
                  | may absorb incoming projectiles. [Jiyva's grace]
147138 | Vaults:5 | Lost mutation: Your translucent skin slightly reduces your
                  | foes' accuracy. (Stealth) [Jiyva's grace]
147200 | Vaults:4 | Lost mutation: You have a moderately thin skeletal
                  | structure. (Dex +4, Stealth+) [Jiyva's grace]
147245 | Vaults:5 | Noticed an ancient lich
147247 | Vaults:4 | Gained mutation: Your muscles are strong. (Str +2) [Jiyva's
                  | grace]
147265 | Vaults:5 | Killed an ancient lich
147315 | Vaults:5 | Killed Sojobo
147319 | Vaults:5 | Gained mutation: You tend to lose your temper in combat.
                  | [Jiyva's grace]
147323 | Vaults:5 | Gained mutation: Your translucent skin slightly reduces
                  | your foes' accuracy. (Stealth) [Jiyva's grace]
147325 | Vaults:5 | Lost mutation: Your muscles are strong. (Str +2) [Jiyva's
                  | grace]
147327 | Vaults:5 | Lost mutation: You have a small jelly attached to you that
                  | senses nearby items. [Jiyva's grace]
147328 | Vaults:5 | Gained mutation: Your mind is acute. (Int +2) [Jiyva's
                  | grace]
147332 | Vaults:5 | Lost mutation: You have supernaturally acute eyesight.
                  | (SInv) [Jiyva's grace]
147336 | Vaults:5 | Gained mutation: Your mind is very acute. (Int +4) [Jiyva's
                  | grace]
147343 | Vaults:5 | Gained mutation: You have a small jelly attached to you
                  | that senses nearby items. [Jiyva's grace]
147350 | Vaults:5 | Gained mutation: You have large cloven feet. [Jiyva's
                  | grace]
147357 | Vaults:5 | Gained mutation: Armour fits poorly on your pseudopods.
                  | [Jiyva's grace]
147361 | Vaults:5 | Lost mutation: You have large cloven feet. [Jiyva's grace]
147378 | Vaults:5 | Lost mutation: You tend to lose your temper in combat.
                  | [Jiyva's grace]
147478 | Vaults:5 | Found the +4 skin of Zhor {Englaciate rC+++ SInv}
147492 | Vaults:5 | Got a silver rune of Zot
147506 | Vaults:5 | Lost mutation: Your mind is very acute. (Int +4) [Jiyva's
                  | grace]
147571 | Vaults:5 | Identified the +7 hand axe "Uple" {freeze, rN++ Dex+7
                  | Stlth-} (You found it on level 5 of the Vaults)
147579 | Vaults:5 | Identified the cursed +0 ring mail of the Serpent {rElec
                  | Int+4} (You found it on level 5 of the Vaults)
147765 | Vaults:5 | Lost mutation: Your mind is acute. (Int +2) [Jiyva's grace]
148541 | Vaults:2 | Gained mutation: Your spells are a little easier to cast,
                  | but a little less powerful. [Jiyva's grace]
148743 | D:7      | Fell from the grace of Jiyva
148743 | D:7      | Became a worshipper of Zin the Law-Giver
148743 | D:7      | Reached * piety under Zin
148743 | D:7      | Reached ** piety under Zin
148988 | Depths:1 | Voluntarily entered the Abyss.
149083 | Abyss:1  | Reached *** piety under Zin
149163 | Abyss:1  | Reached skill level 27 in Evocations
149333 | Abyss:1  | Lost mutation: Your body has grown many golden eyes which
                  | may confuse attackers. (Acc +5) [the vengeance of Jiyva]
149358 | Abyss:1  | Reached **** piety under Zin
149436 | Abyss:3  | Found a shimmering blue altar of Sif Muna.
149437 | Abyss:3  | Identified the Volume of the Foremost Friends
149449 | Abyss:3  | Found a corrupted altar of Lugonu.
149453 | Abyss:3  | Identified Agexen's Handbook of Moulding
149458 | Abyss:3  | Identified Weqehul's Disquisition on Transmigration
149489 | Abyss:3  | Identified the Almanac of Earth
149491 | Abyss:3  | Identified the Tome of Envenoming
149496 | Abyss:3  | Identified the Papyrus of the Arsonist
149498 | Abyss:3  | Identified the Volume of Malediction
149500 | Abyss:3  | Found a shimmering blue altar of Sif Muna.
149509 | Abyss:3  | Identified Itsav's Papyrus of the Compass
149523 | Abyss:3  | Found a corrupted altar of Lugonu.
149525 | Abyss:3  | Found a shimmering blue altar of Sif Muna.
149562 | Abyss:3  | Found a shimmering blue altar of Sif Muna.
149914 | Depths:1 | Escaped the Abyss
150220 | Depths:1 | Voluntarily entered the Abyss.
150252 | Abyss:1  | Found a snail-covered altar of Cheibriados.
150341 | Abyss:1  | Reached ***** piety under Zin
150528 | Abyss:1  | Found a corrupted altar of Lugonu.
150571 | Depths:1 | Escaped the Abyss
150595 | Depths:1 | Gained mutation: Your magical capacity is low. (-10% MP)
                  | [the vengeance of Jiyva]
150595 | Depths:1 | Lost mutation: Your translucent skin slightly reduces your
                  | foes' accuracy. (Stealth) [the vengeance of Jiyva]
150597 | Depths:1 | Voluntarily entered the Abyss.
150869 | Depths:1 | Escaped the Abyss
151315 | Depths:1 | Voluntarily entered the Abyss.
151331 | Abyss:1  | Found a corrupted altar of Lugonu.
151803 | Depths:1 | Escaped the Abyss
152090 | Depths:1 | Voluntarily entered the Abyss.
152093 | Abyss:1  | Identified the cursed +1 hand crossbow "Keinaep" {elec,
                  | Fragile rF+ MR+ Int+3} (You found it on level 1 of the
                  | Abyss)
152183 | Depths:1 | Escaped the Abyss
152185 | Depths:1 | Voluntarily entered the Abyss.
152186 | Abyss:1  | Found a corrupted altar of Lugonu.
152222 | Abyss:1  | Reached ****** piety under Zin
152251 | Depths:1 | Escaped the Abyss
152253 | Depths:1 | Voluntarily entered the Abyss.
152493 | Abyss:1  | Found a snail-covered altar of Cheibriados.
152589 | Abyss:1  | Identified the +2 robe of Instinct {Int+4 Slay-2} (You
                  | found it on level 1 of the Abyss)
152674 | Abyss:1  | Identified the +1 robe of Death Resistance {rElec rC+
                  | Dex+4} (You found it on level 1 of the Abyss)
153421 | Abyss:4  | Lost mutation: You have a small jelly attached to you that
                  | senses nearby items. [the vengeance of Jiyva]
153517 | Abyss:4  | Paralysed by accursed screaming for 1 turns
153525 | Depths:1 | Escaped the Abyss
153684 | Dis:1    | Entered Level 1 of the Iron City of Dis
155262 | Dis:3    | Lost mutation: Armour fits poorly on your pseudopods. [the
                  | vengeance of Jiyva]
155348 | Coc:1    | Entered Level 1 of Cocytus
155812 | Tar:1    | Entered Level 1 of Tartarus
155990 | Hell     | Lost mutation: Your body has grown golden eyes which may
                  | confuse attackers. (Acc +3) [the vengeance of Jiyva]
156097 | Depths:4 | Voluntarily entered the Abyss.
156117 | Abyss:1  | Found a corrupted altar of Lugonu.
156295 | Abyss:1  | Quit the game

Illustrated notes

Levels and vault maps discovered:
D:1:      roderic_chinese_lattice_arrival, layout_basic
D:2:      layout_loops_ring, chequers_ecumenical_altar_simple
D:3:      layout_basic, overflow_temple_1_default, uniq_sigmund
D:4:      minmay_octagon_keep, layout_basic, kennysheep_mini,
          chequers_serial_rivers_micro_a
D:5:      layout_gridville, minmay_temple_entry_waves, serial_shops,
          nicolae_shop_waterfront, shop, nicolae_shop_window_shopping,
          serial_co_window_serial, co_window_paths_b, co_window_paths_a,
          co_window_of_opportunity_a, co_window_corner_a, co_window_paths_a,
          co_window_corner_b, co_window_broadway_b, co_window_corner_b,
          co_window_corner_ca, co_window_unsneaky_path_c, co_window_paths_d,
          glass_columns_a, glass_columns_a, glass_columns_a, glass_columns_a,
          feat_on_display
D:6:      layout_loops_ring, eat_drink_and_be_merry_uskayaw,
          minmay_quadrilaterals
D:7:      gammafunk_the_bubble [the_bubble_gammafunk_roulette], layout_basic,
          kennysheep_mini_moat, minmay_crystal_room
D:8:      layout_rooms, grunt_temple_overflow_growth_and_decay
D:9:      layout_roguey, dpeg_lair_monsters, nicolae_tso_besieged_by_evil
D:10:     layout_long_grid, serial_bayou, serial_bayou_pond_c,
          serial_bayou_pond_c, serial_bayou_lagoon_a, serial_bayou_ford_a
D:11:     layout_long_grid
D:12:     layout_gridville, zombieorc2_lemuel, enter_bailey_2, uniq_kirke,
          uniq_erolcha
D:13:     layout_basic, serial_shops,
          nicolae_shop_temple_entry_statues_fountains, shop,
          elves_outpost_lemuel
D:14:     layout_basic, erik_vaults_2, portal_ice_cave_entry_ice_beasts,
          hangedman_decor_growths, enter_trove_3, minmay_sticks_and_stones,
          uniq_louise, uniq_frances
D:15:     grunt_enter_depths_hoard, layout_cave_pools, gauntlet_entry_generic,
          minmay_misc_feat_four_crosses, uniq_josephine
Temple:   eino_temple_scatter_basement
Lair:1:   layout_chaotic_city, infiniplex_staircase_pool_2, grunt_megastairs_4,
          serial_bayou_shore_a, lemuel_fruit_tree, serial_bayou_shore_b,
          uniq_erica
Lair:2:   beast_lair_carwin_large_3, layout_chaotic_city,
          palyth_hydra_swamp_entry
Lair:3:   layout_gridlike, minmay_snake_entry_six_corridors, wad_woods_road_02
Lair:4:   layout_small_grid, st_stairs_11, grunt_megastairs_2
Lair:5:   layout_gridlike, nicolae_slime_entry_slimehenge, minmay_holes,
          beast_lair_carwin_7
Lair:6:   minmay_lair_end_frog_pond, layout_regular_city, uniq_rupert
Swamp:1:  layout_falls_marsh, serial_swamp_ruin, evilmike_swamp_ruin_house_2,
          evilmike_swamp_ruin_house_4, evilmike_swamp_ruin_rubble_1, swamp_pool1
Swamp:2:  layout_falls_marsh, hangedman_swamp_ruin_hall, uniq_jorgrun,
          uniq_nikola
Swamp:3:  layout_basic_swamp, hangedman_swamp_ruin_wall, swamp_pool4
Swamp:4:  swamp_pestilence, layout_basic_swamp
Snake:1:  layout_rooms, basic_altar, grunt_ministairs_12, st_stairs_12,
          serial_bayou_lake_a
Snake:2:  layout_cave_pods
Snake:3:  layout_layer_cave, serial_shops, shop, grunt_ministairs_14
Snake:4:  snake_pit, layout_gridlike, serial_shops, shop, special_room
Slime:1:  layout_caves, cheibrodos_slime_lost_civilization_7
Slime:2:  cheibrodos_slime_lost_civilization_9, layout_caves
Slime:3:  layout_caves
Slime:4:  layout_caves
Slime:5
Orc:1:    layout_diamond_mine, serial_shops, shop, lightli_church_of_beogh
Orc:2:    st_orc_town, layout_diamond_mine, serial_shops,
          nicolae_shop_statue_plus, nicolae_shop_waterfront,
          nicolae_orc_lost_temple, uniq_sonja
Elf:1:    layout_loops_corners, gammafunk_ghost_berserking_beasts, serial_shops,
          shop, minivault_28, corexii_hall_statues_i
Elf:2:    layout_loops_corners, guppyfry_elf_lava
Elf:3:    minmay_elf_hall_curves, layout_gridlike, uniq_aizul
Vaults:1: vaults_mumra_hex, hangedman_vaults_stagger,
          nicolae_vaults_network_quinsquares
          [nicolae_vaults_network_quincunx_subvault,
          nicolae_vaults_network_quincunx_subvault,
          nicolae_vaults_network_quincunx_subvault,
          nicolae_vaults_network_quincunx_subvault], vaults_mumra_hexcomb,
          nicolae_vaults_little_squares_2, nicolae_vaults_murderbox, v_misc_1,
          vaults_room_stairs_pillars, layout_vaults_quadrants
Vaults:2: nicolae_vaults_network_periphery, nicolae_vaults_network_star,
          nicolae_vaults_network_square, minmay_crypt_entry_simple_statues,
          vaults_mumra_chevron, ontoclasm_vaults_twist,
          ontoclasm_vaults_decontamination, vaults_mumra_minichess_inversion,
          v_misc_12, nicolae_vaults_theta, layout_vaults_ring
Vaults:3: v_misc_5, nicolae_vaults_puzzle_piece, ontoclasm_vaults_gateway,
          nicolae_vaults_network_barrier, v_misc_18, v_misc_23,
          layout_vaults_chaotic_city, serial_shops, nicolae_shop_waterfront,
          uniq_xtahua, uniq_donald
Vaults:4: gammafunk_vaults_ghost_cemetery, v_misc_10,
          nicolae_vaults_mini_display_case, vaults_dpeg_cross,
          nicolae_vaults_know_your_exits, v_pattern_4,
          ontoclasm_vaults_loading_screen, ontoclasm_vaults_pinch,
          nicolae_vaults_back_hallway, v_misc_32, nicolae_vaults_little_ls,
          vaults_room_door_hall, nicolae_vaults_diagonal_hallway_8,
          nicolae_vaults_windows_and_doors_thing, layout_vaults_omnibox,
          uniq_frederick
Vaults:5: serial_shops, uniq_mennas, uniq_bai_suzhen, uniq_sojobo
Crypt:1:  layout_gridlike, pandoras_box_mu
Crypt:2:  layout_chaotic_city
Crypt:3:  quadcrypt_mu
Tomb:1
Tomb:2
Depths:1: layout_cave_shapes, abyss_entry, hangedman_decor_riveting,
          pf_hell_entry_tar_river, hangedman_corner_corridor
Depths:2: hangedman_cross_cluster, layout_long_grid, hellmouth_1, serial_shops,
          shop, minmay_misc_feat_ornament, grunt_ministairs_10,
          minmay_misc_feat_diagonals, minmay_misc_feat_more_columns,
          firewood_loft
Depths:3: minmay_skeletal_surprise, layout_cave_shapes, grunt_decor_fettered,
          lightli_too_deep, rand_demon_pan_entry_9,
          infiniplex_staircase_pool_lava, roderic_lattice_octagonal_star
Depths:4: kennysheep_snake, layout_cave_shapes, enter_ziggurat_e, abyss_entry,
          hangedman_coc_ice_floe, lightli_fourway_metalbox,
          infiniplex_staircase_9_rooms, uniq_mara
Depths:5: evilmike_zot_entry_argh, layout_basic, hell_entry,
          rand_demon_pan_entry_7, minmay_misc_feat_square, minmay_shoptagon,
          uniq_boris
Hell
Dis:1:    layout_overlapping_boxes
Dis:2:    layout_gridville, hangedman_dis_decor_blocks_talon, grunt_megastairs_1
Dis:3:    layout_chaotic_city
Dis:4:    lemuel_dis_dragons, layout_regular_city
Dis:5:    layout_overlapping_boxes, evilmike_ambush
          [evilmike_ambush_outer_basic, evilmike_ambush_inner_basic]
Coc:1:    layout_ice_bergs
Tar:1:    layout_grid_maze
Zot:1:    ebering_klown_carousel, layout_basic, grunt_ministairs_2
Zot:2:    lemuel_draconian_sentries, layout_basic, grunt_ministairs_6
Zot:3:    layout_gridlike
Zot:4:    nicolae_moth_party, layout_basic
Zot:5:    layout_misc_corridors, basic_altar, uniq_tiamat
Abyss:1:  base: Depths:1, evilmike_abyss_exit_glass, base: Lair:2,
          abyss_furniture_001, guppyfry_abyss_exit_imp_island,
          hangedman_abyss_theft, gammafunk_corrupted_shrine, base: Temple,
          bh_abyss_exit_grid, base: Dis:7, evilmike_abyss_exit_1, minivault_24,
          base: Lair:6, hangedman_decor_lopped, evilmike_abyss_exit_7,
          hangedman_decor_lopped, evilmike_abyss_exit_9, base: Crypt:2,
          onia_ninara_dug_in_and_dangerous, evilmike_abyss_exit_8, base:
          Slime:2, evilmike_abyss_exit_9, hangedman_abyss_exit_choices,
          evilmike_abyss_exit_2, evilmike_abyss_exit_12, evilmike_abyss_exit_12,
          grunt_abyss_exit_deep_breaths, hangedman_abyss_mock_shop, base: Coc:2,
          evilmike_abyss_exit_glass, gammafunk_corrupted_shrine,
          gammafunk_corrupted_shrine, evilmike_abyss_exit_3,
          evilmike_abyss_exit_glass, evilmike_abyss_exit_2, base: Coc:6,
          evilmike_abyss_exit_kraken, lemuel_firewalk_3, base: Coc:5, base:
          Dis:4, small_statue_intersection, evilmike_abyss_exit_6,
          hangedman_decor_points, hangedman_decor_points,
          hangedman_decor_points, evilmike_abyss_exit_13, base: Vaults:1,
          due_exit_kobolds, base: Dis:5, minivault_13, base: D:2,
          evilmike_abyss_exit_1, evilmike_abyss_exit_mutagenic,
          hangedman_shadowy_showcase, evilmike_abyss_exit_1, bh_abyss_exit_grid,
          hangedman_abyss_river_spirits, evilmike_abyss_exit_mutagenic, base:
          Zot:3, evilmike_abyss_exit_3, base:
D:15

Skill      XL: |  1  2  3  4  5  6  7  8  9 10 11 12 13 14 15 16 17 18 19 20 21 22 23 24 25 26 27 |
---------------+----------------------------------------------------------------------------------+-----
Invocations    | 1 2 3 4 5 6 7 8 9 10 11 12 13 14 15 16 17 18 25 | 25.1
Long Blades    | 1 2 3 4 5 6 7 8 9 10 11 12 13 14 15 16 17 23 | 23.4
Axes           | 1 2 3 4 5 6 7 8 9 10 11 12 13 14 15 16 17 23 | 23.4
Maces & Flails | 1 2 3 4 5 6 7 8 9 10 11 12 13 14 15 16 17 18 19 26 | 26.9
Polearms       | 1 2 3 4 5 6 7 8 9 10 11 12 13 14 15 16 17 23 | 23.4
Staves         | 1 2 3 4 5 6 7 8 9 10 11 12 13 14 15 16 17 23 | 23.4
Slings         | 1 2 3 4 5 6 7 8 9 10 11 12 13 14 15 16 17 26 | 26.4
Bows           | 1 2 3 4 5 6 7 8 9 10 11 12 13 14 15 16 17 23 | 23.4
Crossbows      | 1 2 3 4 5 6 7 8 9 10 11 12 13 14 15 16 17 23 | 23.4
Armour         | 1 2 3 4 5 6 7 8 9 10 11 12 13 14 15 16 17 23 | 23.4
Shields        | 1 2 3 4 5 6 7 8 9 10 11 12 13 14 15 16 17 23 | 23.4
Unarmed Combat | 1 2 3 4 5 6 7 8 9 10 11 12 13 14 15 16 17 25 | 25.8
Spellcasting   | 1 2 3 4 5 6 7 8 9 10 11 12 13 14 15 16 17 23 | 23.4
Evocations     | 1 2 3 4 5 6 7 8 9 10 11 12 13 14 15 16 17 27 | 27.0
Conjurations   | 1 2 3 4 5 6 7 8 9 10 11 12 13 14 20 | 20.4
Hexes          | 1 2 3 4 5 6 7 8 9 10 11 12 13 14 20 | 20.4
Summonings     | 1 2 3 4 5 6 7 8 9 10 11 12 13 14 20 | 20.4
Necromancy     | 1 2 3 4 5 6 7 8 9 10 11 12 13 14 20 | 20.4
Translocations | 1 2 3 4 5 6 7 8 9 10 11 12 13 14 20 | 20.4
Transmutations | 1 2 3 4 5 6 7 8 9 10 11 12 13 14 20 | 20.4
Fire Magic     | 1 2 3 4 5 6 7 8 9 10 11 12 13 14 20 | 20.4
Ice Magic      | 1 2 3 4 5 6 7 8 9 10 11 12 13 14 20 | 20.4
Air Magic      | 1 2 3 4 5 6 7 8 9 10 11 12 13 14 20 | 20.4
Earth Magic    | 1 2 3 4 5 6 7 8 9 10 11 12 13 14 20 | 20.4
Poison Magic   | 1 2 3 4 5 6 7 8 9 10 11 12 13 14 20 | 20.4
Dodging        | 3 4 5 6 7 8 9 10 11 12 13 14 15 16 17 23 | 23.5
Stealth        | 8 9 10 11 12 13 14 15 16 17 18 24 | 24.1
Fighting       | 5 6 7 8 9 10 11 12 13 14 15 16 17 23 | 23.7
Short Blades   | 5 6 7 8 9 10 11 12 13 14 15 16 17 23 | 23.7
Throwing       | 5 6 7 8 9 10 11 12 13 14 15 16 17 23 | 23.7

Action                   |  1- 3 |  4- 6 |  7- 9 | 10-12 | 13-15 | 16-18 | 19-21 | 22-24 | 25-27 || total
-------------------------+-------+-------+-------+-------+-------+-------+-------+-------+-------++-------
Melee: Dagger            |   130 |   230 |   368 |       |    33 |       |       |       |       ||   761
       Bite              |     9 |    40 |   106 |   180 |   347 |   629 |   893 |  1022 |  2902 ||  6128
       Punch             |       |     2 |    13 |    17 |     4 |       |       |     8 |  1026 ||  1070
       Short sword       |       |       |   287 |   324 |       |       |       |       |       ||   611
       Long sword        |       |       |       |   741 |  1127 |    32 |       |       |    91 ||  1991
       Unarmed           |       |       |       |     1 |       |       |       |       |    14 ||    15
       Executioner's axe |       |       |       |    37 |    86 |       |       |    12 |  2211 ||  2346
       Scimitar          |       |       |       |       |   436 |    93 |       |       |       ||   529
       Rapier            |       |       |       |       |    81 |   405 |    31 |   388 |   403 ||  1308
       Quick blade       |       |       |       |       |       |  2192 |  3390 |  3005 |  3449 || 12036
       Hand axe          |       |       |       |       |       |       |     4 |   152 |    13 ||   169
       Double sword      |       |       |       |       |       |       |       |       |  5103 ||  5103
       Headbutt          |       |       |       |       |       |       |       |       |  1422 ||  1422
       Pseudopods        |       |       |       |       |       |       |       |       |   281 ||   281
       Flamberge         |       |       |       |       |       |       |       |       |    10 ||    10
       Battleaxe         |       |       |       |       |       |       |       |       |     2 ||     2
Throw: Dart              |       |       |       |    25 |       |       |       |       |       ||    25
       Boomerang         |       |       |       |     2 |       |       |       |       |       ||     2
       Javelin           |       |       |       |       |       |       |       |       |     1 ||     1
 Cast: Wereblood         |       |       |     6 |    13 |       |     1 |       |       |       ||    20
       Olgreb's Toxic Ra |       |       |       |       |     2 |       |       |       |       ||     2
       Ignite Poison     |       |       |       |       |     2 |       |       |       |       ||     2
       Confusing Touch   |       |       |       |       |     1 |     7 |       |       |     8 ||    16
       Silence           |       |       |       |       |       |       |     4 |     5 |    50 ||    59
       Statue Form       |       |       |       |       |       |       |       |       |    34 ||    34
       Swiftness         |       |       |       |       |       |       |       |       |    16 ||    16
       Summon Demon      |       |       |       |       |       |       |       |       |     5 ||     5
       Summon Mana Viper |       |       |       |       |       |       |       |       |     4 ||     4
       Discord           |       |       |       |       |       |       |       |       |     2 ||     2
       Cause Fear        |       |       |       |       |       |       |       |       |     1 ||     1
       Summon Forest     |       |       |       |       |       |       |       |       |     1 ||     1
Invok: Heroism           |       |       |       |    11 |    10 |     6 |     1 |     1 |    34 ||    63
       Finesse           |       |       |       |     1 |       |       |       |       |     1 ||     2
       Request Jelly     |       |       |       |       |       |       |       |       |    32 ||    32
       Cure Bad Mutation |       |       |       |       |       |       |       |       |    22 ||    22
 Abil: Evoke Invisibilit |       |       |       |     1 |       |     1 |       |       |     2 ||     4
       End Transformatio |       |       |       |       |       |       |       |       |     6 ||     6
       Evoke Flight      |       |       |       |       |       |       |       |       |     1 ||     1
Evoke: Wand              |       |     3 |       |    16 |    23 |       |       |       |    12 ||    54
       Phial of floods   |       |       |       |     1 |       |       |       |       |     1 ||     2
       Tin of tremorston |       |       |       |       |     3 |     4 |     4 |     5 |     2 ||    18
       Condenser vane    |       |       |       |       |       |     2 |     1 |     3 |     7 ||    13
       Lightning rod     |       |       |       |       |       |       |     2 |     1 |     7 ||    10
       Box of beasts     |       |       |       |       |       |       |       |     1 |    16 ||    17
       Horn of Geryon    |       |       |       |       |       |       |       |       |     8 ||     8
  Use: Scroll            |       |       |     8 |    32 |    25 |    13 |    12 |     7 |    86 ||   183
       Potion            |       |       |       |    12 |     1 |     2 |       |       |    34 ||    49
 Stab: Sleeping          |     8 |     6 |    27 |     8 |    32 |    63 |    88 |    78 |   216 ||   526
       Distracted        |       |     1 |     1 |     3 |     7 |    10 |    10 |    29 |   181 ||   242
       Paralysed         |       |       |       |     3 |     5 |       |       |       |       ||     8
       Invisible         |       |       |       |     3 |       |     3 |       |       |     3 ||     9
       Petrified         |       |       |       |       |     3 |       |       |       |       ||     3
       Confused          |       |       |       |       |     1 |    13 |       |       |    73 ||    87
Armor: Robe              |    26 |    20 |       |     1 |    76 |       |       |       |       ||   123
       Ring mail         |       |     7 |   142 |   193 |       |       |       |       |       ||   342
       Chain mail        |       |       |       |   157 |   335 |   150 |       |       |       ||   642
       Skin              |       |       |       |    21 |       |       |       |       |   221 ||   242
       Shadow dragon sca |       |       |       |       |       |   159 |   371 |   433 |  2355 ||  3318
       Swamp dragon scal |       |       |       |       |       |       |       |       |    64 ||    64
Dodge: Dodged            |    89 |    61 |   260 |   691 |   992 |   629 |   923 |  1113 |  9670 || 14428
       Repelled          |       |       |     1 |     2 |       |       |       |       |       ||     3
Block: Buckler           |       |       |       |   173 |   654 |   658 |  1289 |  1308 |  2377 ||  6459
       Other             |       |       |       |       |    32 |       |       |       |  1392 ||  1424
       Kite shield       |       |       |       |       |    77 |   479 |       |       |       ||   556
       Reflection        |       |       |       |       |    15 |    84 |    60 |    32 |    59 ||   250
       Rpst.: Long sword |       |       |       |   113 |   169 |     3 |       |       |     6 ||   291
       Scimitar          |       |       |       |       |    43 |     7 |       |       |       ||    50
       Double sword      |       |       |       |       |       |       |       |       |   843 ||   843

Table legend: (Time is in decaauts)
 A = Elapsed time spent in this place.
 B = Non-inter-level travel time spent in this place.
 C = Inter-level travel time spent in this place.
 D = Time resting spent in this place.
 E = Time spent auto-exploring this place.
 F = Levels seen in this place.
 G = Mean time per level.
                   A        B        C        D        E       F      G
               +--------+--------+--------+--------+--------+-----+--------+
         Total | 146888 | 129652 |  17236 |  30498 |  43715 | 115 | 1277.3 |
       Dungeon |  29850 |  24784 |   5066 |   7041 |  10597 |  15 | 1990.0 |
        Temple |    222 |    214 |      8 |      0 |    189 |   1 |  222.0 |
          Lair |  12725 |  10874 |   1851 |   3321 |   4352 |   6 | 2120.8 |
         Swamp |   4290 |   4126 |    164 |     21 |   2742 |   4 | 1072.5 |
     Snake Pit |   5956 |   4976 |    980 |    204 |   2718 |   4 | 1489.0 |
    Slime Pits |   5646 |   5318 |    328 |   2370 |   1859 |   5 | 1129.2 |
  Orcish Mines |   1996 |   1432 |    564 |      0 |    840 |   2 |  998.0 |
   Elven Halls |   4645 |   3913 |    732 |    226 |   1820 |   3 | 1548.3 |
        Vaults |   9571 |   8004 |   1567 |    416 |   3752 |   5 | 1914.2 |
         Crypt |   5848 |   4597 |   1251 |    171 |   2779 |   3 | 1949.3 |
          Tomb |   5305 |   4470 |    835 |   2265 |    596 |   2 | 2652.5 |
        Depths |  12101 |   9312 |   2789 |   2970 |   2996 |   5 | 2420.2 |
          Hell |   1326 |   1132 |    194 |    406 |    297 |   1 | 1326.0 |
           Dis |   1528 |   1477 |     51 |      0 |    771 |   5 |  305.6 |
       Cocytus |    364 |    364 |      0 |      0 |    186 |   1 |  364.0 |
      Tartarus |     10 |     10 |      0 |      0 |      0 |   1 |   10.0 |
           Zot |   9852 |   9003 |    849 |   2274 |   2095 |   5 | 1970.4 |
         Abyss |   9336 |   9336 |      0 |    512 |    255 |  27 |  345.8 |
   Pandemonium |  21624 |  21624 |      0 |   6427 |   4296 |  16 | 1351.5 |
         Trove |    153 |    153 |      0 |      0 |      0 |   1 |  153.0 |
        Bailey |   1344 |   1344 |      0 |    234 |    343 |   1 | 1344.0 |
      Ice Cave |   2243 |   2243 |      0 |   1247 |      0 |   1 | 2243.0 |
      Gauntlet |    943 |    943 |      0 |    390 |    227 |   1 |  943.0 |
               +--------+--------+--------+--------+--------+-----+--------+

Top non-repeatable levels by time:
 Abyss:1: 5121 daAuts
  Tomb:1: 4265 daAuts
    D:12: 3635 daAuts
  Lair:6: 3196 daAuts
Depths:5: 3167 daAuts
    D:13: 3011 daAuts
   Zot:4: 2889 daAuts
 Crypt:3: 2884 daAuts
    D:14: 2748 daAuts
Vaults:2: 2547 daAuts
Depths:3: 2545 daAuts
    D:10: 2487 daAuts
   Zot:5: 2433 daAuts
Vaults:1: 2392 daAuts
Depths:4: 2380 daAuts
